 Dungeon Crawl Stone Soup version 0.29.1-1-gd02db6906a (webtiles) character file.

Game seed: 3690575557997292559

1678129 sleeves the Imperceptible (level 27, 209/226 HPs)
             Began as a Gnoll Delver on Sept 22, 2022.
             Was a Follower of Yredelemnul.
             Escaped with the Orb
             ... and 4 runes on Sept 23, 2022!
             The game lasted 07:46:14 (130458 turns).

sleeves the Imperceptible (Gnoll Delver)          Turns: 130458, Time: 07:46:14

Health: 209/226    AC: 27    Str: 17    XL:     27
Magic:  39/55      EV: 23    Int: 19    God:    Yredelemnul [*.....]
Gold:   4822       SH: 25    Dex: 16    Spells: 5/65 levels left

rFire   + + .      SeeInvis +   b - +7 quick blade (elec)
rCold   + + .      Faith    .   n - +5 kite shield {AC+3}
rNeg    + + +      Spirit   .   j - +2 robe {rC+ rF+}
rPois   ∞          Reflect  +   (no helmet)
rElec   +          Harm     .   G - +2 cloak {Will+}
rCorr   .          Rampage  .   o - +2 pair of gloves
Will    +++++                   M - +2 pair of boots
Stlth   +++.......              T - amulet of reflection
HPRegen 0.47/turn               V - ring "Facsig" {rElec rF+ Will+ MP+9 Dex+3}
MPRegen 0.34/turn               U - ring of Uvahefe {rN+ SInv}

@: lich-form, studying 3 skills
A: draining attack, torment immunity, no potions, fangs 1, strong nose,
distributed training, talons 1, poison resistance
0: Orb of Zot
}: 4/15 runes: serpentine, barnacled, slimy, silver
a: End Transformation, Renounce Religion, Recall Undead Harvest


You escaped.
You worshipped Yredelemnul.
Yredelemnul was greatly pleased with you.
You were an undead lich.
You visited 12 branches of the dungeon, and saw 56 of its levels.
You also visited: Gauntlet and Wizlab.

You collected 9379 gold pieces.
You spent 4557 gold pieces at shops.

Inventory:

Hand Weapons
 a - a +9 broad axe of flaming
   (You took it off an orc knight on level 2 of the Orcish Mines)
 b - a +7 quick blade of electrocution (weapon)
   (You took it off a spriggan defender on level 3 of the Depths)
Missiles
 x - 2 curare-tipped darts
 z - 10 atropa-tipped darts
 C - 6 boomerangs of dispersal
 L - 15 javelins
 S - 14 silver javelins
Armour
 j - a +2 robe of resistance (worn)
   (You took it off a naga warrior on level 4 of the Snake Pit)
 n - a +5 kite shield of protection (worn)
   (You took it off a naga warrior on level 4 of the Snake Pit)
 o - a +2 pair of gloves (worn)
   (You found it on level 4 of the Shoals)
 y - the +3 hat of Pondering {ponderous, Will+ MP+10 Int+5}
   (You found it on level 5 of the Vaults)

   Int:       It affects your intelligence (+5).
   MP:        It affects your magic capacity (+10).
   Will:      It increases your willpower.
 G - a +2 cloak of willpower (worn)
   (You took it off a draconian scorcher on level 2 of the Realm of Zot)
 M - a +2 pair of boots (worn)
   (You found it on level 2 of the Depths)
Jewellery
 r - a ring of the Octopus King {rF+ HP+2 AC+2 EV+2 SH+2}
   (You bought it in a shop on level 1 of the Elven Halls)

   [ring of protection from fire]

   AC:        It affects your AC (+2).
   EV:        It affects your evasion (+2).
   rF:        It protects you from fire.
   HP:        It affects your health (+2).
   SH:        It affects your SH (+2).
 D - a ring of protection from cold
   (You found it on level 4 of the Vaults)
 E - a ring of wizardry
   (You found it on level 2 of the Dungeon)
 T - an amulet of reflection (around neck)
   (You found it on level 4 of the Lair of Beasts)
 U - the ring of Uvahefe (right hand) {rN+ SInv}
   (You found it on level 5 of the Pits of Slime)

   [ring of positive energy]

   rN:        It protects you from negative energy.
   SInv:      It lets you see invisible.
 V - the ring "Facsig" (left hand) {rElec rF+ Will+ MP+9 Dex+3}
   (You found it on level 5 of the Pits of Slime)

   [ring of magical power]

   Dex:       It affects your dexterity (+3).
   rF:        It protects you from fire.
   rElec:     It insulates you from electricity.
   MP:        It affects your magic capacity (+9).
   Will:      It increases your willpower.
 X - the ring of the Open Hand {Fire rPois Str+7 Int-4 Stlth+}
   (You found it on level 5 of the Pits of Slime)

   [ring of fire]

   It enhances your fire magic.
   Str:       It affects your strength (+7).
   Int:       It affects your intelligence (-4).
   rF:        It protects you from fire.
   rC:        It makes you vulnerable to cold.
   rPois:     It protects you from poison.
   Stlth:     It makes you more stealthy.
Wands
 g - a wand of digging (21)
 I - a wand of iceblast (29)
   (You found it on level 6 of the Dungeon)
 Y - a wand of acid (13)
   (You found it on level 2 of the Lair of Beasts)
 Z - a wand of paralysis (8)
   (You found it on level 2 of the Realm of Zot)
Scrolls
 c - 12 scrolls of fog
 d - 10 scrolls of magic mapping
 h - 2 scrolls of summoning
 i - 3 scrolls of torment
 l - 14 scrolls of teleportation
 p - 5 scrolls of vulnerability
 t - 10 scrolls of immolation
 u - 5 scrolls of poison
 F - 5 scrolls of enchant armour
 R - 2 scrolls of fear
Potions
 e - 21 potions of curing
 f - a potion of haste
 k - 2 potions of might
 m - 5 potions of resistance
 q - 7 potions of brilliance
 v - 4 potions of ambrosia
 w - 9 potions of heal wounds
 B - 7 potions of magic
 H - 4 potions of cancellation
 J - 8 potions of mutation
 N - 2 potions of invisibility
Miscellaneous
 s - a lightning rod (4/4)
   (You found it on level 5 of the Vaults)
 K - a phial of floods
   (You found it on level 3 of the Elven Halls)
 O - a tin of tremorstones (2/2)
   (You found it on level 5 of the Vaults)
 P - a condenser vane
   (You found it on level 5 of the Vaults)
 Q - a phantom mirror
   (You found it on level 3 of the Depths)
 W - a box of beasts
   (You found it on level 5 of the Vaults)


   Skills:
 + Level 20.7 Fighting
 + Level 22.0 Short Blades
 + Level 19.8 Long Blades
 + Level 19.8 Axes
 + Level 19.8 Maces & Flails
 + Level 20.2 Polearms
 + Level 19.8 Staves
 + Level 19.8 Ranged Weapons
 + Level 19.8 Throwing
 + Level 22.0 Armour
 + Level 20.2 Dodging
 + Level 24.5 Stealth
 + Level 19.8 Shields
 + Level 19.8 Unarmed Combat
 + Level 19.8 Spellcasting
 + Level 16.9 Conjurations
 + Level 16.9 Hexes
 + Level 16.9 Summonings
 + Level 16.9 Necromancy
 + Level 16.9 Translocations
 + Level 16.9 Transmutations
 + Level 16.9 Fire Magic
 + Level 16.9 Ice Magic
 + Level 16.9 Air Magic
 + Level 16.9 Earth Magic
 + Level 16.9 Poison Magic
 + Level 21.4 Invocations
 + Level 19.8 Evocations


You had 5 spell levels left.
You knew the following spells:

 Your Spells              Type           Power      Damage    Failure   Level
a - Spellforged Servitor  Conj/Summ      35%        N/A       3%          7
b - Swiftness             Air            70%        N/A       0%          3
c - Passage of Golubria   Tloc           70%        N/A       1%          4
d - Iron Shot             Conj/Erth      35%        9d7       1%          6
e - Dispersal             Tloc           35%        N/A       1%          6
f - Necromutation         Tmut/Necr      45%        N/A       24%         8
h - Enfeeble              Hex            35%        N/A       3%          7
i - Summon Hydra          Summ           35%        N/A       3%          7
j - Malign Gateway        Summ/Tloc      35%        N/A       3%          7
k - Summon Mana Viper     Hex/Summ       70%        N/A       1%          5

Your spell library contained the following spells:

 Spells                   Type           Power      Damage    Failure   Level
 Apportation              Tloc           100%       N/A       0%          1
 Beastly Appendage        Tmut           100%       N/A       0%          1
 Foxfire                  Conj/Fire      100%       2x1d9     0%          1
 Freeze                   Ice            100%       1d11      0%          1
 Magic Dart               Conj           100%       1d8       0%          1
 Necrotise                Necr           100%       1d9       0%          1
 Sandblast                Erth           100%       2d20      0%          1
 Shock                    Conj/Air       100%       1d9       0%          1
 Summon Small Mammal      Summ           100%       N/A       0%          1
 Blink                    Tloc           100%       N/A       0%          2
 Call Imp                 Summ           70%        N/A       0%          2
 Passwall                 Tmut/Erth      58%        N/A       0%          2
 Poisonous Vapours        Pois/Air       100%       N/A       0%          2
 Scorch                   Fire           100%       2d10      0%          2
 Searing Ray              Conj           100%       2d8       0%          2
 Static Discharge         Conj/Air       70%        3-12/arc  0%          2
 Sublimation of Blood     Necr           90%        N/A       0%          2
 Wereblood                Tmut           70%        N/A       0%          2
 Call Canine Familiar     Summ           70%        N/A       0%          3
 Confusing Touch          Hex            70%        N/A       0%          3
 Conjure Flame            Conj/Fire      70%        6-21      0%          3
 Frozen Ramparts          Ice            100%       1d16      0%          3
 Gell's Gravitas          Tloc           70%        N/A       0%          3
 Ignite Poison            Fire/Tmut/Pois 70%        N/A       0%          3
 Inner Flame              Hex/Fire       70%        N/A       0%          3
 Mephitic Cloud           Conj/Pois/Air  70%        N/A       0%          3
 Ozocubu's Armour         Ice            70%        N/A       0%          3
 Portal Projectile        Hex/Tloc       100%       N/A       0%          3
 Spider Form              Tmut/Pois      70%        N/A       0%          3
 Stone Arrow              Conj/Erth      100%       3d13      0%          3
 Summon Guardian Golem    Hex/Summ       70%        N/A       0%          3
 Teleport Other           Tloc           70%        N/A       0%          3
 Tukima's Dance           Hex            70%        N/A       0%          3
 Vampiric Draining        Necr           90%        2d12      0%          3
 Airstrike                Air            35%        2d(5-21)  1%          4
 Animate Armour           Summ/Erth      100%       N/A       1%          4
 Cause Fear               Hex            35%        N/A       1%          4
 Corpse Rot               Necr/Pois/Air  90%        N/A       1%          4
 Dispel Undead            Necr           90%        3d29      1%          4
 Flame Wave               Conj/Fire      70%        2d16      1%          4
 Fulminant Prism          Conj/Hex       35%        3d18      1%          4
 Hailstorm                Conj/Ice       70%        3d15      1%          4
 Ice Form                 Ice/Tmut       70%        N/A       1%          4
 Iskenderun's Mystic Bla  Conj/Tloc      70%        2d14      1%          4
 Leda's Liquefaction      Hex/Erth       35%        N/A       1%          4
 Olgreb's Toxic Radiance  Pois           70%        N/A       1%          4
 Petrify                  Tmut/Erth      70%        N/A       1%          4
 Sticky Flame             Conj/Fire      70%        2d8       1%          4
 Summon Ice Beast         Ice/Summ       70%        N/A       1%          4
 Summon Lightning Spire   Summ/Air       70%        N/A       1%          4
 Agony                    Necr           90%        N/A       1%          5
 Alistair's Intoxication  Tmut/Pois      46%        N/A       1%          5
 Blade Hands              Tmut           35%        N/A       1%          5
 Irradiate                Conj/Tmut      35%        3d23      1%          5
 Iskenderun's Battlesphe  Conj           70%        2d12      1%          5
 Lee's Rapid Deconstruct  Erth           35%        3d19*     1%          5
 Lightning Bolt           Conj/Air       35%        1d53      1%          5
 Manifold Assault         Tloc           70%        N/A       1%          5
 Metabolic Englaciation   Hex/Ice        35%        N/A       1%          5
 Yara's Violent Unravell  Hex/Tmut       35%        3d14      1%          5
 Statue Form              Tmut/Erth      46%        N/A       1%          6
 Summon Cactus Giant      Summ           35%        N/A       1%          6
 Dragon Form              Tmut           35%        N/A       3%          7
 Monstrous Menagerie      Summ           35%        N/A       3%          7
 Orb of Destruction       Conj           35%        9d10      3%          7
 Ozocubu's Refrigeration  Ice            35%        4d15      3%          7
 Borgnjor's Revivificati  Necr           45%        N/A       24%         8
 Disjunction              Tloc           35%        N/A       24%         8
 Ignition                 Fire           35%        3d11      24%         8
 Maxwell's Capacitive Co  Air            35%        ∞         24%         8
 Death's Door             Necr           45%        N/A       98%         9
 Dragon's Call            Summ           35%        N/A       98%         9
 Death Channel            Necr           Unusable   N/A       N/A         6
 Simulacrum               Ice/Necr       Unusable   N/A       N/A         6

Dungeon Overview and Level Annotations

Branches:
Dungeon (15/15)            Temple (1/1) D:4            Lair (5/5) D:8
 Shoals (4/4) Lair:2        Snake (4/4) Lair:2        Slime (5/5) Lair:5
    Orc (2/2) D:11            Elf (3/3) Orc:2        Vaults (5/5) D:13
  Crypt (3/3) Vaults:2       Tomb (0/3) Crypt:3      Depths (4/4) D:15
    Zot (5/5) Depths:4     WizLab (visited)         Gauntlet (visited)

Altars:
Ashenzari
Cheibriados
Dithmenos
Elyvilon
Fedhas
Gozag
Hepliaklqana
Kikubaaqudgha
Makhleb
Nemelex Xobeh
Okawaru
Qazlal
Ru
Sif Muna
Trog
Uskayaw
Vehumet
Wu Jian
Xom
Yredelemnul
Zin
The Shining One
Jiyva

Shops:
D:2 :   D:5 [?*!   D:13 *   Orc:1 *   Orc:2 :*!([   Elf:1 ==:   Shoals:2 *
Vaults:5 *

Portals:
Hell: Depths:1 Depths:2 Depths:3 Depths:4
Abyss: Depths:3
Pandemonium: Depths:2
Ziggurat: Depths:3

Annotations:
D:5 4 transporters, BigDaddyOpFi's ghost, novice HOFi
D:13 3 runed translucent doors, Xuta's ghost, journeyman FoFi
Lair:1 2 runed translucent doors, Iamsock's ghost, novice GnFi
Shoals:3 3 runed translucent doors, Jafont's ghost, journeyman HOFE; Meod's ghost, adept MiBe
Snake:1 2 transporters, holycorn's ghost, journeyman MiBe
Crypt:1 2 transporters, exclusion: orange crystal statue, Houmnergh's ghost, master GnTm
Zot:3 1 runed translucent door, ShutUppercut's ghost, legendary DsGl


Innate Abilities, Weirdness & Mutations

You are an undead lich.
Your unarmed attacks are suffused with negative energy.
You are immune to unholy pain and torment.
Your necromantic spells are more powerful.
You cannot drink.
You have very sharp teeth.
Your uncanny sense of smell can sniff out nearby items.
Your experience applies equally to all skills.
You have sharp toenails.
Your system is resistant to poisons. (rPois)


Message History

Press: ? - help, Shift-Dir - straight line, f - Orb Guardian, p - Orb Guardian
Aim: an Orb Guardian (will inflict weakness, chance to daze and blind: 49%)
The Orb Guardian is enfeebled!
The Orb Guardian hits you!!
You block the Orb Guardian's attack. x2; The Orb Guardian hits you!
Casting: Enfeeble (mildly dangerous; 2% risk of failure)
Confirm with . or Enter, or press ? or * to list all spells.
Aiming: Enfeeble (mildly dangerous; 2% risk of failure)
Press: ? - help, Shift-Dir - straight line, f - Orb Guardian, p - Orb Guardian
Aim: an Orb Guardian (will inflict weakness, chance to daze and blind: 49%)
The Orb Guardian is enfeebled!
* * * LOW MAGIC WARNING * * *
The Orb Guardian is lost in a daze.
The Orb Guardian completely misses you.
The Orb Guardian is lost in a daze.
You block the Orb Guardian's attack. The Orb Guardian completely misses you.
You strike the helpless Orb Guardian from behind!
You stick the Orb Guardian like a pincushion!!!
You bite the Orb Guardian, but do no damage.
The Orb Guardian is severely wounded.
You strike the helpless Orb Guardian from behind!
You perforate the Orb Guardian like a sieve!!!
Lightning courses through the Orb Guardian!
You kill the Orb Guardian!
The dead are walking!
You can now bind living souls.
The Orb Guardian is lost in a daze.
You block the Orb Guardian's attack.
You strike the helpless Orb Guardian from behind!
You skewer the Orb Guardian like a kebab!!!
The Orb Guardian is severely wounded.
You completely miss the Orb Guardian.
The Orb Guardian is severely wounded.
The Orb Guardian is lost in a daze.
The Orb Guardian hits you!! The Orb Guardian hits you!
You catch the helpless Orb Guardian completely off-guard!
You spit the Orb Guardian like a pig!!!!
You kill the Orb Guardian!
The dead are walking!
Casting: Enfeeble (mildly dangerous; 2% risk of failure)
Confirm with . or Enter, or press ? or * to list all spells.
Aiming: Enfeeble (mildly dangerous; 2% risk of failure)
Press: ? - help, Shift-Dir - straight line, f - Orb Guardian
Aim: an Orb Guardian (ally target, will inflict weakness, chance to daze and blind: 49%)
The Orb Guardian is enfeebled!
* * * LOW MAGIC WARNING * * *
The Orb Guardian is lost in a daze.
The Orb Guardian hits you but does no damage.
Your Orb Guardian zombie hits the Orb Guardian!!
You puncture the Orb Guardian!
Lightning courses through the Orb Guardian!
The Orb Guardian is severely wounded.
You block the Orb Guardian's attack. x2
You hit the Orb Guardian.
You bite the Orb Guardian, but do no damage.
The Orb Guardian is severely wounded.
Your Orb Guardian zombie misses the Orb Guardian.
An Orb Guardian comes into view.
You puncture the Orb Guardian!
Lightning courses through the Orb Guardian!
The Orb Guardian is almost dead.
Your Orb Guardian zombie closely misses the Orb Guardian.
You block the Orb Guardian's attack.
The Orb Guardian is lost in a daze.
You miss the Orb Guardian.
The Orb Guardian is almost dead.
You closely miss the Orb Guardian.
The Orb Guardian is almost dead.
Your Orb Guardian zombie hits the Orb Guardian!
The Orb Guardian dies!
You block the Orb Guardian's attack.
Your Orb Guardian zombie hits the Orb Guardian but does no damage.
Casting: Enfeeble (mildly dangerous; 2% risk of failure)
Confirm with . or Enter, or press ? or * to list all spells.
Aiming: Enfeeble (mildly dangerous; 2% risk of failure)
Press: ? - help, Shift-Dir - straight line, f - Orb Guardian
Aim: an Orb Guardian (heavily wounded, weak, ally target, will inflict weakness, chance to daze and blind: 49%)
The Orb Guardian is enfeebled!
* * * LOW MAGIC WARNING * * *
The Orb Guardian completely misses you.
Your Orb Guardian zombie barely misses the Orb Guardian.
Your Orb Guardian zombie hits the Orb Guardian but does no damage.
You hit the Orb Guardian but do no damage.
The Orb Guardian is heavily wounded.
You block the Orb Guardian's attack.
Your Orb Guardian zombie hits the Orb Guardian.
You closely miss the Orb Guardian.
You bite the Orb Guardian, but do no damage.
The Orb Guardian is heavily wounded.
Your Orb Guardian zombie hits the Orb Guardian!!
You catch the helpless Orb Guardian completely off-guard!
You perforate the Orb Guardian like a sieve!!!
You kill the Orb Guardian!
Your Orb Guardian zombie hits the Orb Guardian!!
Your Orb Guardian zombie barely misses the Orb Guardian.
Your Orb Guardian zombie hits the Orb Guardian but does no damage.
Casting: Enfeeble (mildly dangerous; 2% risk of failure)
Confirm with . or Enter, or press ? or * to list all spells.
You don't have enough magic to cast this spell.
You hit the Orb Guardian.
The Orb Guardian is moderately wounded.
You block the Orb Guardian's attack.
Your Orb Guardian zombie hits the Orb Guardian!!
You strike the helpless Orb Guardian from behind!
You stick the Orb Guardian like a pincushion!!!!
You kill the Orb Guardian!
You swap places.
You swap places.
You swap places.
Your spellforged servitor disappears in a puff of smoke!
You start resting.
Your transformation is almost over.
You feel yourself come back to life.
You start resting.
HP restored.
You start resting.
Magic restored.
You swap places.
You swap places.
You start removing your armour.
You continue taking off the +3 hat of Pondering {ponderous, Will+ MP+10 Int+5}. x4
You finish taking off the +3 hat of Pondering {ponderous, Will+ MP+10 Int+5}.
That put a bit of spring back into your step.
You feel your magic capacity decrease.
You see here the Orb of Zot.
You feel yourself speed up.
You pick up the Orb of Zot!
The Orb lets out a hideous shriek!
The lords of Pandemonium are not amused.
Beware!
Now all you have to do is get back out of the dungeon!
You hear a roar! x10
You swap places.
You swap places.
Unknown command.
You see here a +0 mace.
Your extra speed is starting to run out.
You block the tentacled monstrosity's attack.
The tentacled monstrosity tentacle-slaps you but does no damage.
You block the tentacled monstrosity's attack.
The tentacled monstrosity barely misses you.
Casting: Enfeeble (mildly dangerous; 3% risk of failure)
Confirm with . or Enter, or press ? or * to list all spells.
You feel quick.
Your Orb Guardian zombie hits the tentacled monstrosity.
You feel yourself slow down.
You can no longer bind living souls.
Things that are here:
a +0 flail; a +0 flail You can no longer drain ambient life force.
You see here a +0 flail.
Things that are here:
a +0 cloak; a +0 mace A tentacled monstrosity is nearby!
A tentacled monstrosity is nearby!
Your Orb Guardian zombie hits the tentacled monstrosity!
There is an open door here.
You start to feel a little slower.
There is a stone staircase leading up, spattered with blood here.
You start waiting.
A tentacled monstrosity is nearby!
Unknown command.
Casting: Swiftness (safe; 0% risk of failure)
Confirm with . or Enter, or press ? or * to list all spells.
A seven-headed hydra appears.
Casting: Summon Hydra (mildly dangerous; 3% risk of failure)
Confirm with . or Enter, or press ? or * to list all spells.
A four-headed hydra appears.
What are your orders? t - Bark!
Orders for allies: a - Attack new target. r - Retreat! s - Stop attacking. g - Guard the area. f - Follow me.
Anything else - Cancel.
Gang up on whom?
Press: ? - help, Dir - move target, f - tentacled monstrosity
Aim: a tentacled monstrosity (lightly wounded, ally target) Attack!
Your seven-headed hydra bites the tentacled monstrosity but does no damage.
Your seven-headed hydra bites the tentacled monstrosity! x2
Your seven-headed hydra closely misses the tentacled monstrosity.
Your seven-headed hydra bites the tentacled monstrosity. x2
Your seven-headed hydra bites the tentacled monstrosity!
You can now trade souls for undead servants.
You can now drain ambient life force.
What are your orders? t - Bark!
Orders for allies: a - Attack new target. p - Attack previous target. r - Retreat! s - Stop attacking. g - Guard the area. f - Follow me.
Anything else - Cancel.
Gang up on whom?
Press: ? - help, Dir - move target, f/p - tentacled monstrosity
Aim: a tentacled monstrosity (moderately wounded, ally target) Attack!
You feel sluggish.
The tentacled monstrosity tentacle-slaps your seven-headed hydra.
The tentacled monstrosity completely misses your seven-headed hydra.
The tentacled monstrosity tentacle-slaps your seven-headed hydra!
The tentacled monstrosity grabs your seven-headed hydra.
The tentacled monstrosity constricts your seven-headed hydra!
Your Orb Guardian zombie hits the tentacled monstrosity!!
Your seven-headed hydra bites the tentacled monstrosity but does no damage.
Your seven-headed hydra bites the tentacled monstrosity.
Your seven-headed hydra barely misses the tentacled monstrosity. x2
Your seven-headed hydra bites the tentacled monstrosity.
Your seven-headed hydra bites the tentacled monstrosity!
Your seven-headed hydra bites the tentacled monstrosity.
A sixfirhy comes into view.
Your Orb Guardian zombie hits the tentacled monstrosity!
Your Orb Guardian zombie hits the tentacled monstrosity.
The tentacled monstrosity tentacle-slaps your Orb Guardian zombie! x2
The tentacled monstrosity tentacle-slaps your Orb Guardian zombie but does no damage.
The tentacled monstrosity constricts your seven-headed hydra!
Your seven-headed hydra barely misses the tentacled monstrosity.
Your seven-headed hydra bites the tentacled monstrosity!
Your seven-headed hydra bites the tentacled monstrosity but does no damage.
Your seven-headed hydra bites the tentacled monstrosity!
The tentacled monstrosity dies!
A black mist starts to gather...
You can now bind living souls.
You hit the sixfirhy.
The sixfirhy is lightly wounded.
You hit the sixfirhy. You bite the sixfirhy.
The sixfirhy is moderately wounded.
You hit the sixfirhy but do no damage. Your bite misses the sixfirhy.
The sixfirhy is moderately wounded.
Your four-headed hydra misses the sixfirhy.
Your four-headed hydra bites the sixfirhy but does no damage.
Your four-headed hydra bites the sixfirhy!
Your four-headed hydra closely misses the sixfirhy.
You closely miss the sixfirhy. You bite the sixfirhy.
The sixfirhy is heavily wounded.
You hit the sixfirhy.
The sixfirhy is severely wounded.
You puncture the sixfirhy!
The sixfirhy is almost dead.
Your seven-headed hydra barely misses the sixfirhy.
Your seven-headed hydra closely misses the sixfirhy.
Your seven-headed hydra bites the sixfirhy!
The sixfirhy dies!
A black mist starts to gather...
You start resting.
Your four-headed hydra disappears in a puff of smoke!
A Killer Klown comes into view. It is wielding a +12 antimagic club.
A Killer Klown is nearby!
What are your orders? t - Bark!
Orders for allies: a - Attack new target. r - Retreat! s - Stop attacking. g - Guard the area. f - Follow me.
Anything else - Cancel.
Gang up on whom?
Press: ? - help, Dir - move target, f - Killer Klown
Aim: a Killer Klown, wielding a +12 antimagic club (ally target) Attack!
Your spectral sixfirhy hits the Killer Klown but does no damage.
Your spectral sixfirhy misses the Killer Klown.
Your Orb Guardian zombie barely misses the Killer Klown.
The Killer Klown closely misses your spectral sixfirhy.
Your spectral sixfirhy hits the Killer Klown.
Your spectral sixfirhy hits the Killer Klown. x2
Your spectral sixfirhy hits the Killer Klown but does no damage.
Your Orb Guardian zombie hits the Killer Klown!!
Your Orb Guardian zombie hits the Killer Klown but does no damage.
The Killer Klown wrestles your Orb Guardian zombie with a +12 antimagic club!!
Your spectral sixfirhy hits the Killer Klown but does no damage.
Your Orb Guardian zombie closely misses the Killer Klown.
Your Orb Guardian zombie hits the Killer Klown!!
Your seven-headed hydra disappears in a puff of smoke!
Your spectral sixfirhy hits the Killer Klown!
Your spectral sixfirhy barely misses the Killer Klown.
The Killer Klown defenestrates your Orb Guardian zombie with a +12 antimagic club.
Your spectral sixfirhy hits the Killer Klown.
Your spectral sixfirhy drains the Killer Klown.
Your Orb Guardian zombie misses the Killer Klown.
Your Orb Guardian zombie hits the Killer Klown!! x2
The Killer Klown prods your Orb Guardian zombie with a +12 antimagic club!!
Your spectral sixfirhy hits the Killer Klown!
Your spectral sixfirhy closely misses the Killer Klown.
Your spectral sixfirhy hits the Killer Klown!
The Killer Klown dies!
Your Short Blades skill increases to level 22!
Your Armour skill increases to level 22!
You start resting.
Your Orb Guardian zombie is no longer more vulnerable to fire.
You start to feel a little faster.
You start resting.
You no longer feel sluggish.
You climb upwards.
Your mindless puppets stay behind to rot.
There is a stone staircase leading down here.
There is an open gate here.
Magic restored.
You see here a +0 battleaxe of freezing.
You see here a +1 battleaxe of freezing.
You see here a wand of polymorph (3).
There is an open gate, spattered with blood here.
You see here a +0 great sword of flaming.
Things that are here:
a +0 dire flail; a +0 dire flail
There is a stone staircase leading up here.
You climb upwards.
Level annotation: 1 runed translucent door, ShutUppercut's ghost, legendary DsGl
There is a stone staircase leading down here.
A smoke demon comes into view.
Casting: Summon Hydra (mildly dangerous; 3% risk of failure)
Confirm with . or Enter, or press ? or * to list all spells.
Aiming: Enfeeble (mildly dangerous; 3% risk of failure)
Press: ? - help, Shift-Dir - straight line, f - smoke demon
Aim: a smoke demon (will inflict weakness and antimagic, chance to daze and blind: 87%)
The smoke demon partially resists.
The smoke demon is enfeebled!
You puncture the smoke demon!
The smoke demon is lightly wounded.
You closely miss the smoke demon.
The smoke demon is lightly wounded.
You closely miss the smoke demon.
The smoke demon is lightly wounded.
You block the smoke demon's attack. The smoke demon misses you.
You block the smoke demon's attack.
You hit the smoke demon but do no damage.
The smoke demon is lightly wounded.
You hit the smoke demon.
The smoke demon is moderately wounded.
You puncture the smoke demon! Your bite misses the smoke demon.
The smoke demon is heavily wounded.
You block the smoke demon's attack. The smoke demon completely misses you.
The smoke demon closely misses you.
You hit the smoke demon.
The smoke demon is heavily wounded.
You hit the smoke demon.
Lightning courses through the smoke demon!!
You kill the smoke demon!
(D) Dungeon (T) Temple (L) Lair (A) Shoals (P) Snake Pit (M) Slime Pits (O) Orcish Mines (E) Elven Halls (V) Vaults (C) Crypt (W) Tomb (U) Depths (H) Hell (Z) Zot
Where to? (Enter - Zot:3 @ (x,y), ? - help)
Okay, then.
Unknown command.
(D) Dungeon (T) Temple (L) Lair (A) Shoals (P) Snake Pit (M) Slime Pits (O) Orcish Mines (E) Elven Halls (V) Vaults (C) Crypt (W) Tomb (U) Depths (H) Hell (Z) Zot
Where to? (Enter - Zot:3 @ (x,y), ? - help) Magic restored.
There is an open door here.
There is a stone staircase leading up here.
You climb upwards.
There is a stone staircase leading down here.
There is a stone staircase leading down, spattered with blood here.
There is a stone staircase leading up here.
You climb upwards.
There is a stone staircase leading down here.
There is an open door here.
Things that are here:
a +0 cloak; a +0 long sword
There is a gate leading back out of this place, spattered with blood here.
You go up through the gate.
Welcome back to the Depths!
There is a gate to the Realm of Zot, spattered with blood here.
There is an open door here.
You open the door.
There is an open door here.
There is an escape hatch in the ceiling here.
A mysterious force pulls you upwards. The hatch slams shut behind you.
There is a stone staircase leading down here.
You open the door.
There is an open door here.
There is a stone staircase leading up here.
You climb upwards.
There is a stone staircase leading down here.
A Brimstone Fiend comes into view.
Aiming: Dig
Press: ? - help, Shift-Dir - straight line A rock wall.
This square is covered in magical glow.
The rock shatters into small pieces.
Aiming: Dig
Press: ? - help, Shift-Dir - straight line A rock wall.
This square is covered in magical glow.
The rock shatters into small pieces.
A tormentor comes into view.
The tormentor calls on the powers of darkness!
Your body is wracked with pain!
Okay, then.
Unknown command.
Casting: Enfeeble (mildly dangerous; 3% risk of failure)
Confirm with . or Enter, or press ? or * to list all spells.
You feel quick.
Casting: Swiftness (safe; 0% risk of failure)
Confirm with . or Enter, or press ? or * to list all spells.
You don't know that spell.
There is an open door here.
There is a one-way gate leading to the halls of Pandemonium here.
There is a stone staircase leading up here.
Casting: Swiftness (safe; 0% risk of failure)
Confirm with . or Enter, or press ? or * to list all spells.
A four-headed hydra appears.
Casting: Summon Hydra (mildly dangerous; 3% risk of failure)
Confirm with . or Enter, or press ? or * to list all spells.
An eight-headed hydra appears.
You start resting.
An Executioner comes into view.
What are your orders? t - Bark!
Orders for allies: a - Attack new target. r - Retreat! s - Stop attacking. g - Guard the area. f - Follow me.
Anything else - Cancel.
Okay, then.
Your four-headed hydra disappears in a puff of smoke!
Your eight-headed hydra disappears in a puff of smoke!
You climb upwards.
You start to feel a little slower.
There is a stone staircase leading down here.
Aiming: Dig
Press: ? - help, Shift-Dir - straight line A rock wall.
This square is covered in magical glow.
The rock shatters into small pieces.
You feel sluggish.
A demonspawn corrupter and a shadow demon come into view.
The shadow demon moves out of view.
The demonspawn corrupter mumbles some strange prayers to Lugonu against you.
The entropic weave corrodes you!
The demonspawn corrupter calls forth creatures from the Abyss!
The demonspawn corrupter invokes the aid of Lugonu against you.
The entropic weave corrodes you!
A shadow demon comes into view.
Casting: Summon Hydra (mildly dangerous; 3% risk of failure)
Confirm with . or Enter, or press ? or * to list all spells.
Aiming: Enfeeble (mildly dangerous; 3% risk of failure)
Press: ? - help, Shift-Dir - straight line, f - shadow demon
Aim: a shadow demon (will inflict weakness and antimagic, chance to daze and blind: 60%)
The shadow demon partially resists.
The shadow demon is enfeebled!
The shadow demon gestures.
A starcursed mass splits.
The shadow demon falters for a moment.
A starcursed mass splits.
A chorus of shrieks assaults your mind.
The shadow demon hits you but does no damage.
Aiming: Dig
Press: ? - help, Shift-Dir - straight line, p - shadow demon A rock wall.
This square is covered in magical glow.
The rock shatters into small pieces.
The starcursed mass disappears in a puff of smoke!
A chorus of shrieks assaults your mind.
A starcursed mass splits.
The shadow demon gestures.
An Ice Fiend comes into view.
The starcursed mass disappears in a puff of smoke! x2
You block the fire dragon's attack. The fire dragon closely misses you.
You block the fire dragon's attack.
The glowing orange brain pulsates.
You block the rakshasa's attack. You block the shadow demon's attack.
Unknown command.
Casting: Enfeeble (mildly dangerous; 3% risk of failure)
Confirm with . or Enter, or press ? or * to list all spells.
Casting: Dispersal (mildly dangerous; 1% risk of failure)
Press: ? - help, Dir - look around, f - activate The shadow demon blinks!
The ice dragon disappears!
The fire dragon disappears!
The glowing orange brain blinks!
The rakshasa blinks!
The ice dragon disappears!
The shadow demon's magic is no longer disrupted.
The shadow demon is no longer weakened.
The starcursed mass shrieks in your mind.
A starcursed mass splits.
There is a staircase back to the Dungeon here.
The starcursed mass shrieks in your mind.
You climb upwards.
Welcome back to the Dungeon!
There is a staircase to the Depths here.
You start to feel a little faster.
There is an open door here.
You no longer feel sluggish.
You see here a +0 whip.
You see here a +0 long sword.
There is an open door here.
Things that are here:
a +0 robe; a +2 dagger of holy wrath You are no longer corroded.
There is a stone staircase leading up here.
You start resting.
Magic restored.
You start resting.
A reaper comes into view. It is wielding a +1 scythe of freezing.
Casting: Dispersal (mildly dangerous; 1% risk of failure)
Confirm with . or Enter, or press ? or * to list all spells.
Aiming: Enfeeble (mildly dangerous; 3% risk of failure)
Press: ? - help, Shift-Dir - straight line, f - reaper
Aim: a reaper, wielding a +1 scythe of freezing (will inflict weakness, chance to daze and blind: 60%)
The reaper is enfeebled!
Casting: Enfeeble (mildly dangerous; 3% risk of failure)
Confirm with . or Enter, or press ? or * to list all spells.
An eight-headed hydra appears.
Casting: Summon Hydra (mildly dangerous; 3% risk of failure)
Confirm with . or Enter, or press ? or * to list all spells.
An eight-headed hydra appears.
What are your orders? t - Bark!
Orders for allies: a - Attack new target. p - Attack previous target. r - Retreat! s - Stop attacking. g - Guard the area. f - Follow me.
Anything else - Cancel.
Gang up on whom?
Press: ? - help, Dir - move target, f/p - reaper
Aim: a reaper, wielding a +1 scythe of freezing (blind, dazed, weak, ally target) Attack!
The reaper is lost in a daze.
Your eight-headed hydra bites the reaper! x2
Your eight-headed hydra bites the reaper. x2
Your eight-headed hydra bites the reaper! x2
Your eight-headed hydra barely misses the reaper.
Your eight-headed hydra bites the reaper.
There are no items here.
The reaper is lost in a daze.
Your eight-headed hydra barely misses the reaper.
Your eight-headed hydra bites the reaper but does no damage. x2
Your eight-headed hydra bites the reaper!
Your eight-headed hydra bites the reaper.
Your eight-headed hydra bites the reaper!
The reaper dies!
A black mist starts to gather...
You start resting.
Your eight-headed hydra disappears in a puff of smoke! x2
An Orb Guardian comes into view.
An Orb Guardian is nearby!
Casting: Summon Hydra (mildly dangerous; 3% risk of failure)
Confirm with . or Enter, or press ? or * to list all spells.
Aiming: Enfeeble (mildly dangerous; 3% risk of failure)
Press: ? - help, Shift-Dir - straight line, f - Orb Guardian
Aim: an Orb Guardian (will inflict weakness, chance to daze and blind: 42%)
You miscast Enfeeble.
You are very lightly contaminated with residual magic.
Nothing appears to happen.
Your spectral reaper hits the Orb Guardian.
Your spectral reaper drains the Orb Guardian.
Casting: Enfeeble (mildly dangerous; 3% risk of failure)
Confirm with . or Enter, or press ? or * to list all spells.
Aiming: Enfeeble (mildly dangerous; 3% risk of failure)
Press: ? - help, Shift-Dir - straight line, f/p - Orb Guardian
Aim: an Orb Guardian (lightly wounded, lightly drained, ally target, will inflict weakness, chance to daze and blind: 50%)
The Orb Guardian is enfeebled!
You block the Orb Guardian's attack.
Your spectral reaper hits the Orb Guardian but does no damage.
You closely miss the Orb Guardian.
You bite the Orb Guardian, but do no damage.
The Orb Guardian is lightly wounded.
You catch the helpless Orb Guardian completely off-guard!
You perforate the Orb Guardian like a sieve!!!!
Lightning courses through the Orb Guardian!
You kill the Orb Guardian!
You start resting.
A hellephant comes into view.
Casting: Enfeeble (mildly dangerous; 3% risk of failure)
Confirm with . or Enter, or press ? or * to list all spells.
Aiming: Enfeeble (mildly dangerous; 3% risk of failure)
Press: ? - help, Shift-Dir - straight line, f - hellephant
Aim: a hellephant (will inflict weakness and antimagic, chance to daze and blind: 26%)
The hellephant partially resists.
The hellephant is enfeebled!
Casting: Enfeeble (mildly dangerous; 3% risk of failure)
Confirm with . or Enter, or press ? or * to list all spells.
A four-headed hydra appears.
Your spectral reaper hits the hellephant!!
You block the hellephant's attack. x3
Casting: Summon Hydra (mildly dangerous; 3% risk of failure)
Confirm with . or Enter, or press ? or * to list all spells.
A six-headed hydra appears.
Your spectral reaper hits the hellephant!
You block the hellephant's attack. x3
You hit the hellephant.
The hellephant is moderately wounded.
You barely miss the hellephant. Your bite misses the hellephant.
The hellephant is moderately wounded.
Your spectral reaper hits the hellephant but does no damage.
You hit the hellephant. Your bite misses the hellephant.
The hellephant is moderately wounded.
The hellephant barely misses you. You block the hellephant's attack. x2
You puncture the hellephant! Your bite misses the hellephant.
The hellephant is moderately wounded.
Your spectral reaper closely misses the hellephant.
You barely miss the hellephant.
You bite the hellephant, but do no damage.
The hellephant is moderately wounded.
You hit the hellephant but do no damage.
You bite the hellephant, but do no damage.
The hellephant is moderately wounded.
The hellephant closely misses you. The hellephant misses you. x2
Your four-headed hydra bites the hellephant.
Your four-headed hydra closely misses the hellephant.
Your four-headed hydra bites the hellephant but does no damage.
Your four-headed hydra barely misses the hellephant.
Your six-headed hydra bites the hellephant!
Your six-headed hydra bites the hellephant but does no damage. x2
Your six-headed hydra closely misses the hellephant.
Your six-headed hydra bites the hellephant. x2
An Orb Guardian comes into view.
You puncture the hellephant!
The hellephant is heavily wounded.
Your spectral reaper hits the hellephant!
You hit the hellephant but do no damage.
Lightning courses through the hellephant!
The hellephant is heavily wounded.
You hit the hellephant.
The hellephant is heavily wounded.
The hellephant blinks!
Really quaff the potion of mutation?
You feel extremely strange.
You begin to regenerate regardless of the presence of monsters.
You feel frail.
Your thinking seems confused.
Your toenails lengthen and sharpen.
You feel resistant to poisons.
The Orb Guardian hits your six-headed hydra!!
The hellephant blinks!
Your six-headed hydra bites the hellephant!
Your six-headed hydra barely misses the hellephant.
Your six-headed hydra bites the hellephant but does no damage.
Your six-headed hydra bites the hellephant!
Your six-headed hydra bites the hellephant but does no damage.
Your six-headed hydra bites the hellephant!
Your magical contamination has completely faded away.
Unknown command.
What are your orders? t - Bark!
Orders for allies: a - Attack new target. p - Attack previous target. r - Retreat! s - Stop attacking. g - Guard the area. f - Follow me.
Anything else - Cancel.
Gang up on whom?
Press: ? - help, Dir - move target, f/p - hellephant
Aim: a hellephant (severely wounded, not watching you, weak, ally target, magic disrupted) Attack!
The hellephant's magic is no longer disrupted.
The hellephant is no longer weakened.
The Orb Guardian hits your six-headed hydra!!
Your spectral reaper barely misses the Orb Guardian.
Your six-headed hydra completely misses the hellephant.
Your six-headed hydra bites the hellephant.
Your six-headed hydra bites the hellephant but does no damage.
Your six-headed hydra closely misses the hellephant.
Your six-headed hydra barely misses the hellephant.
Your six-headed hydra closely misses the hellephant.
The hellephant tramples your six-headed hydra!!
Your six-headed hydra holds its ground!
Your six-headed hydra dies!
Your six-headed hydra's corpse disappears in a puff of smoke!
Unknown command.
You block the Orb Guardian's attack.
You climb upwards.
There is a stone staircase leading down here.
A Tzitzimitl comes into view.
Casting: Summon Hydra (mildly dangerous; 3% risk of failure)
Confirm with . or Enter, or press ? or * to list all spells.
Your body is suffused with negative energy!
* * * LOW MAGIC WARNING * * *
As you read the scroll of teleportation, it crumbles to dust.
You feel strangely unstable.
You feel the Orb delaying your translocation!
There is an open door here.
The Tzitzimitl engulfs you!
The Tzitzimitl bites you but does no damage.
Your surroundings suddenly seem different.
There is an open door here.
There is a stone staircase leading down here.
There is a stone staircase leading up here.
You climb upwards.
Level annotation: 3 runed translucent doors, Xuta's ghost, journeyman FoFi
There is a stone staircase leading down here.
Your transformation is almost over.
A large abomination and a ynoxinul come into view.
There is a stone staircase leading up, spattered with blood here.
You climb upwards.
There is a stone staircase leading down, spattered with blood here.
You feel yourself come back to life.
There is an open door here.
There is an open door here.
There is a stone staircase leading up here.
You climb upwards.
There is a stone staircase leading down here.
You open the door.
There is an open door here.
You see here a +0 giant spiked club.
An angel comes into view. It is wielding a +2 whip of holy wrath.
There is a stone staircase leading up, spattered with blood here.
Casting: Necromutation (dangerous; 24% risk of failure)
Confirm with . or Enter, or press ? or * to list all spells.
Aiming: Passage of Golubria (safe; 1% risk of failure)
Press: ? - help, Dir - move target The Orb disrupts the stability of your passage!
You enter the passage of Golubria.
There is a passage of Golubria here.
There is an open door here.
There is a stone staircase leading up, spattered with blood here.
The angel hits you but does no damage. You block the angel's attack.
You hear a snapping sound.
You climb upwards.
There is a stone staircase leading down, spattered with blood here.
There is an open door here.
A Tzitzimitl comes into view.
The Tzitzimitl moves out of view.
There is a stone staircase leading up here.
You climb upwards.
There is a stone staircase leading down here.
An Ulixuydd, a rust devil and a lich come into view.
Press: ? - help, v - describe, . - travel
Here: Ulixuydd, armed with a freezing touch (surrounded by freezing clouds)
The floor.
Unknown command.
Unknown command.
Ulixuydd moves out of view.
There is a stone staircase leading up here.
You climb upwards.
There is a stone staircase leading down here.
Magic restored.
An Orb Guardian comes into view.
The Orb Guardian moves out of view.
Casting: Passage of Golubria (safe; 1% risk of failure)
Confirm with . or Enter, or press ? or * to list all spells.
Aiming: Enfeeble (mildly dangerous; 3% risk of failure)
Press: ? - help, Shift-Dir - straight line, f - Orb Guardian
Aim: an Orb Guardian (will inflict weakness, chance to daze and blind: 42%)
The Orb Guardian partially resists.
The Orb Guardian is enfeebled!
The Orb Guardian hits you but does no damage.
The Orb Guardian attacks as you move away!
You block the Orb Guardian's attack.
The Orb Guardian hits you but does no damage.
There is a stone staircase leading up here.
You hit the Orb Guardian but do no damage.
You block the Orb Guardian's attack.
You closely miss the Orb Guardian.
Casting: Enfeeble (mildly dangerous; 3% risk of failure)
Confirm with . or Enter, or press ? or * to list all spells.
An 11-headed hydra appears.
You block the Orb Guardian's attack. x2
Casting: Summon Hydra (mildly dangerous; 3% risk of failure)
Confirm with . or Enter, or press ? or * to list all spells.
A six-headed hydra appears.
The Orb Guardian is no longer weakened.
You block the Orb Guardian's attack.
You hit the Orb Guardian but do no damage.
Casting: Summon Hydra (mildly dangerous; 3% risk of failure)
Confirm with . or Enter, or press ? or * to list all spells.
Aiming: Enfeeble (mildly dangerous; 3% risk of failure)
Press: ? - help, Shift-Dir - straight line, f/p - Orb Guardian
Aim: an Orb Guardian (ally target, will inflict weakness, chance to daze and blind: 42%)
The Orb Guardian is enfeebled!
You block the Orb Guardian's attack. x2
You catch the helpless Orb Guardian completely off-guard!
You skewer the Orb Guardian like a kebab!!!
Lightning courses through the Orb Guardian!
The Orb Guardian is almost dead.
You closely miss the Orb Guardian.
You bite the Orb Guardian, but do no damage.
The Orb Guardian is almost dead.
The Orb Guardian hits you but does no damage.
You catch the helpless Orb Guardian completely off-guard!
You skewer the Orb Guardian like a kebab!!!!
You kill the Orb Guardian!
You climb upwards.
Your summoned ally is left behind.
There is a stone staircase leading down here.
Things that are here:
a +0 robe; a +0 flail
There is a stone staircase leading up here.
You climb upwards.
There is a stone staircase leading down here.
A cherub comes into view.
It is wielding a +4 scimitar of flaming.
Casting: Enfeeble (mildly dangerous; 3% risk of failure)
Confirm with . or Enter, or press ? or * to list all spells.
Aiming: Enfeeble (mildly dangerous; 3% risk of failure)
Press: ? - help, Shift-Dir - straight line, f - cherub
Aim: a cherub, wielding a +4 scimitar of flaming and wearing a +0 robe (haloed, will inflict weakness, chance to daze and blind: 60%)
The cherub is enfeebled!
The cherub is lost in a daze.
The cherub is lost in a daze.
You see here a +0 flail.
The cherub is lost in a daze.
You see here a +0 hand axe.
The cherub is lost in a daze.
You hit the cherub but do no damage. You miss the cherub. You hit the cherub.
The cherub is lightly wounded.
You block the cherub's attack. The cherub completely misses you.
You catch the helpless cherub completely off-guard!
You perforate the cherub like a sieve!!!
The cherub is almost dead.
You strike the helpless cherub from behind!
You spit the cherub like a pig!!!
You kill the cherub!
There is a stone staircase leading up here.
Things that are here:
a +4 scimitar of flaming; a +0 longbow; a +0 robe You climb upwards.
Level annotation: 4 transporters, BigDaddyOpFi's ghost, novice HOFi
There is a stone staircase leading down here.
Casting: Enfeeble (mildly dangerous; 3% risk of failure)
Confirm with . or Enter, or press ? or * to list all spells.
Aiming: Passage of Golubria (safe; 1% risk of failure)
Press: ? - help, Dir - move target The Orb disrupts the stability of your passage!
You hear a snapping sound.
Okay, then.
You hear a snapping sound.
Aiming: Dig
Press: ? - help, Shift-Dir - straight line A rock wall.
This square is covered in magical glow.
The rock shatters into small pieces.
There is a stone staircase leading up here.
You climb upwards.
There is a stone staircase leading down here.
There is an open door here.
A hellephant comes into view.
Casting: Passage of Golubria (safe; 1% risk of failure)
Confirm with . or Enter, or press ? or * to list all spells.
Aiming: Enfeeble (mildly dangerous; 3% risk of failure)
Press: ? - help, Shift-Dir - straight line, f - hellephant
Aim: a hellephant (will inflict weakness and antimagic, chance to daze and blind: 26%)
The hellephant partially resists.
The hellephant is enfeebled!
Unknown command.
Casting: Enfeeble (mildly dangerous; 3% risk of failure)
Confirm with . or Enter, or press ? or * to list all spells.
An eight-headed hydra appears.
Casting: Summon Hydra (mildly dangerous; 3% risk of failure)
Confirm with . or Enter, or press ? or * to list all spells.
A four-headed hydra appears.
You block the hellephant's attack. The hellephant bites you.
You block the hellephant's attack.
You hit the hellephant.
Lightning courses through the hellephant!
The hellephant is lightly wounded.
You hit the hellephant but do no damage.
Lightning courses through the hellephant!
The hellephant is lightly wounded.
You hit the hellephant but do no damage.
The hellephant is lightly wounded.
You block the hellephant's attack. x2
The hellephant gores you but does no damage.
Your eight-headed hydra bites the hellephant but does no damage.
Your eight-headed hydra bites the hellephant! x2
Your eight-headed hydra bites the hellephant but does no damage.
Your eight-headed hydra bites the hellephant.
Your eight-headed hydra bites the hellephant but does no damage. x3
Your four-headed hydra bites the hellephant. x2
Your four-headed hydra bites the hellephant but does no damage.
Your four-headed hydra bites the hellephant.
You hit the hellephant but do no damage.
Lightning courses through the hellephant!
The hellephant is heavily wounded.
You hit the hellephant but do no damage.
The hellephant is heavily wounded.
You hit the hellephant but do no damage.
The hellephant is heavily wounded.
The hellephant breathes flames at you. The blast of flame hits you! You resist.
Your eight-headed hydra bites the hellephant but does no damage.
Your eight-headed hydra bites the hellephant!
Your eight-headed hydra barely misses the hellephant. x2
Your eight-headed hydra bites the hellephant!
Your eight-headed hydra bites the hellephant.
Your eight-headed hydra bites the hellephant!
Your eight-headed hydra closely misses the hellephant.
Your four-headed hydra barely misses the hellephant.
Your four-headed hydra bites the hellephant!
Your four-headed hydra bites the hellephant. x2
You hit the hellephant.
You bite the hellephant, but do no damage.
The hellephant is almost dead.
You puncture the hellephant!
The hellephant is almost dead.
You puncture the hellephant!
The hellephant is almost dead.
The hellephant tramples you but does no damage.
The hellephant completely misses you.
The hellephant gores you but does no damage.
Your eight-headed hydra bites the hellephant but does no damage.
Your eight-headed hydra barely misses the hellephant. x2
Your eight-headed hydra bites the hellephant.
Your eight-headed hydra closely misses the hellephant.
Your eight-headed hydra bites the hellephant but does no damage.
Your eight-headed hydra bites the hellephant!
The hellephant dies!
You swap places.
Unknown command.
Your eight-headed hydra disappears in a puff of smoke!
Your four-headed hydra disappears in a puff of smoke!
There is a stone staircase leading up here.
You climb upwards.
There is a stone staircase leading down here.
There is a stone staircase leading up here.
You climb upwards.
There is a stone staircase leading down here.
HP restored.
A cacodemon and a sixfirhy come into view.
Casting: Summon Hydra (mildly dangerous; 3% risk of failure)
Confirm with . or Enter, or press ? or * to list all spells.
Your body is suffused with negative energy!
The cacodemon attacks as you move away! You block the cacodemon's attack.
The cacodemon completely misses you.
A sixfirhy comes into view.
The sixfirhy moves out of view.
You block the sixfirhy's attack. The sixfirhy completely misses you.
An Executioner comes into view.
The Executioner moves out of view.
The sixfirhy attacks as you move away! You block the sixfirhy's attack.
You block the sixfirhy's attack. x3; The sixfirhy closely misses you.
You block the sixfirhy's attack.
The sixfirhy hits you but does no damage.
The sixfirhy closely misses you. The sixfirhy attacks as you move away!
The sixfirhy completely misses you. The sixfirhy attacks as you move away!
You block the sixfirhy's attack.
The Executioner gestures.
The Executioner seems to speed up.
The cacodemon gestures next to the sixfirhy.
You hear a grinding noise.
You block the sixfirhy's attack.
The sixfirhy hits you but does no damage.
You block the sixfirhy's attack. x3
Casting: Necromutation (dangerous; 24% risk of failure)
Confirm with . or Enter, or press ? or * to list all spells.
Aiming: Enfeeble (mildly dangerous; 3% risk of failure)
Press: ? - help, Shift-Dir - straight line, f - Executioner
Aim: an Executioner (fast, will inflict weakness and antimagic, chance to daze and blind: 26%)
The Executioner partially resists.
The Executioner is enfeebled!
You block the sixfirhy's attack. You block the Executioner's attack.
The Executioner hits you but does no damage.
The Executioner completely misses you. x2
The Executioner hits you but does no damage.
The Executioner misses you.
The Executioner hits you but does no damage.
The Executioner misses you. You block the Executioner's attack.
The sixfirhy attacks as you move away! You block the sixfirhy's attack.
The Executioner closely misses you. The Executioner completely misses you.
You block the Executioner's attack. x2
The Executioner hits you but does no damage. x2
You block the Executioner's attack. x2; The Executioner hits you.
You block the Executioner's attack. The Executioner completely misses you.
You block the Executioner's attack.
The Executioner attacks as you move away!
You block the Executioner's attack. x3; The sixfirhy attacks as you move away!
The sixfirhy completely misses you. x2
The sixfirhy hits you but does no damage.
The sixfirhy completely misses you. The cacodemon gestures at you.
The bolt of energy hits you!!
The Executioner hits you but does no damage.
The Executioner completely misses you.
The Executioner hits you but does no damage.
Unknown command.
Casting: Enfeeble (mildly dangerous; 3% risk of failure)
Confirm with . or Enter, or press ? or * to list all spells.
Casting: Dispersal (mildly dangerous; 1% risk of failure)
Press: ? - help, Dir - look around, f - activate The cacodemon blinks!
The sixfirhy disappears!
The Executioner blinks!
You block the sixfirhy's attack. You block the sixfirhy's attack. x2
The sixfirhy hits you but does no damage.
You block the Executioner's attack. x2
The Executioner hits you but does no damage.
The Executioner attacks as you move away!
You block the Executioner's attack. The Executioner closely misses you.
You block the Executioner's attack. The Executioner misses you.
You block the Executioner's attack. x2; The Executioner closely misses you.
The Executioner barely misses you. The Executioner closely misses you.
You block the Executioner's attack. The Executioner misses you.
The Executioner hits you but does no damage.
You block the sixfirhy's attack. The Executioner misses you.
The Executioner hits you but does no damage.
The Executioner closely misses you. The sixfirhy attacks as you move away!
You block the sixfirhy's attack.
The Executioner attacks as you move away!
You block the Executioner's attack. x2
The Executioner hits you but does no damage.
The sixfirhy hits you! The sixfirhy shocks you. You resist.
The sixfirhy completely misses you. The Executioner closely misses you.
The Executioner barely misses you. You block the Executioner's attack.
A balrug and 4 sun demons come into view.
You block the Executioner's attack. x2
The Executioner hits you but does no damage.
The sun demon shouts! x2
The Executioner completely misses you.
The Executioner hits you but does no damage.
You block the Executioner's attack.
The Executioner hits you but does no damage.
The Executioner completely misses you. You block the Executioner's attack.
There is a stone staircase leading up here.
Casting: Dispersal (mildly dangerous; 1% risk of failure)
Confirm with . or Enter, or press ? or * to list all spells.
Casting: Dispersal (mildly dangerous; 1% risk of failure)
Press: ? - help, Dir - look around, f - activate The Executioner blinks!
The sun demon blinks!
The sun demon disappears!
You block the sixfirhy's attack. x2; The sixfirhy misses you.
The sixfirhy hits you. The sixfirhy shocks you. You resist.
You climb upwards.
There is a stone staircase leading down here.
Your +7 quick blade of electrocution stops crackling.
Your +9 broad axe of flaming bursts into flame!
a - a +9 broad axe of flaming (weapon)
You block the sixfirhy's attack. x2
You miss the sixfirhy. You slice the sixfirhy!! You burn the sixfirhy.
The sixfirhy is almost dead.
You hit the sixfirhy. You burn the sixfirhy.
You kill the sixfirhy!
A black mist starts to gather...
Your +9 broad axe of flaming stops flaming.
You hear the crackle of electricity.
b - a +7 quick blade of electrocution (weapon)
There is a fountain of clear blue water here.
As you open the door, it creaks loudly!
There is an open door here.
There is a staircase leading out of the dungeon here.
You have escaped!

.....####.# ###...# .......##.#
#.....# .....#....# #.##### #
.....#..### ###.# #####
.....#..### ######...# #....
######....# #.......## #....
..........# #.⌠...⌠.# #....
..........# #..###..# #....
..........# #..#L#..# #....
..........# #..#Z#..#### ###.#
........÷.###.⌠...⌠.#..# ##.#
...........##.......#..#######..#
.........#.....................##
##################...>......####
##.#..###.## #####.#.####.#
#.....#......#


You could see a friendly spectral sixfirhy.

Vanquished Creatures
  4 ancient liches
  Mennas (Depths:3)
  4 orbs of fire (Zot:5)
  A shard shrike (Zot:5)
  A Killer Klown (Zot:5)
  Vashnia (Snake:4)
  Saint Roka (Orc:2)
  4 golden dragons
  Jory (Depths:3)
  2 bone dragons
  A Tzitzimitl (Crypt:2)
  3 electric golems
  A doom hound (Crypt:2)
  Rupert (Lair:3)
  7 tentacled monstrosities
  8 liches
  Zenata (Vaults:3)
  20 Orb Guardians
  6 quicksilver dragons
  13 acid blobs
  4 deep elf blademasters
  5 sphinxes
  6 ancient champions
  4 death cobs
  A sphinx (shapeshifter) (Vaults:5)
  A deep elf master archer (Elf:3)
  A spectral jelly (Slime:5)
  6 titans
  8 storm dragons
  Donald (Shoals:4)
  7 draconian monks
  5 shadow dragons
  12 rockslimes
  A nagaraja (Snake:4)
  6 tengu reavers
  7 azure jellies
  A revenant (Crypt:3)
  6 fire giants
  11 frost giants
  4 draconian knights
  3 deep elf elementalists (Elf:3)
  A ghost moth (shapeshifter) (Vaults:4)
  10 vault wardens
  4 deep elf sorcerers
  4 ghouls
  3 curse skulls
  An orc warlord (Vaults:3)
  3 draconian scorchers
  3 ghost moths
  7 draconian stormcallers
  A draconian shifter (Zot:4)
  7 ironbound preservers
  A caustic shrike skeleton (Crypt:2)
  4 draconian annihilators
  A reaper (Crypt:3)
  A spriggan defender (Depths:3)
  10 quicksilver oozes
  10 very ugly things
  2 war gargoyles (Vaults:5)
  8 stone giants
  7 vampire knights
  2 ironbound thunderhulks
  3 green draconians
  2 spectral hellephants (Crypt:2)
  16 purple draconians
  9 white draconians
  5 spark wasps
  3 deep elf annihilators
  4 dire elephants (Vaults:1)
  10 yellow draconians
  7 deep elf demonologists
  A putrid mouth (Crypt:2)
  An entropy weaver (Vaults:3)
  7 red draconians
  5 black draconians
  6 eidola
  2 spectral elves (Crypt:2)
  A crystal guardian (Vaults:3)
  9 statues (WizLab)
  Josephine (D:9)
  5 deep elf death magi
  3 fire dragons
  2 jiangshi
  4 merfolk impalers
  A merfolk javelineer (Depths:4)
  11 yaktaur captains
  11 ettins
  A fire dragon (shapeshifter) (Vaults:5)
  7 deep elf high priests
  7 great orbs of eyes
  3 rakshasas
  Harold (D:9)
  29 vault guards
  A fenstrider witch zombie (Crypt:3)
  4 spriggan air magi
  8 boulder beetles
  A salamander tyrant (Snake:4)
  An ogre mage (Vaults:5)
  3 two-headed ogres
  5 ice dragons
  32 centaur warriors
  5 anacondas
  2 merfolk aquamancers
  A catoblepas (D:13)
  A spriggan skeleton (Crypt:3)
  8 ironbound frosthearts
  A hydra (D:13)
  3 death knights
  18 dancing weapons
  6 deep troll shamans
  11 naga warriors
  5 spriggan berserkers
  4 tengu warriors
  A vampire mage (Crypt:1)
  8 death yaks
  7 deep troll earth magi
  Urug (Orc:2)
  A bennu skeleton (Crypt:3)
  An orc high priest (Orc:2)
  A shock serpent (shapeshifter) (D:14)
  8 naga sharpshooters
  4 shock serpents
  2 nameless horrors
  A soul eater (Crypt:3)
  20 deep elf knights
  4 hell knights (Depths:1)
  Nergalle (Orc:2)
  A fire crab (Lair:5)
  15 shadow wraiths
  A sixfirhy (D:1)
  A spark wasp zombie (Depths:4)
  9 iron trolls
  10 skeletal warriors
  A cherub (D:6)
  2 salamander mystics
  6 flayed ghosts
  4 naga ritualists
  A spriggan rider (Depths:1)
  A glowing orange brain (Vaults:3)
  27 deep trolls
  9 wizards
  9 ironbound convokers
  11 lindwurms
  16 deep elf archers
  17 deep elf zephyrmancers
  3 sea snakes
  A harpy (shapeshifter) (D:12)
  9 harpies
  11 phantasmal warriors
  22 ugly things
  5 necromancers
  28 deep elf pyromancers
  14 mana vipers
  5 orc knights
  5 shining eyes
  3 fauns (Shoals:2)
  A fire giant zombie (Depths:4)
  2 orc sorcerers
  A faun (shapeshifter) (Vaults:5)
  12 salamanders
  9 manticores
  A wolf spider (D:14)
  3 elephants
  20 moths of wrath
  9 cyclopes
  3 large abominations (Elf:1)
  11 vault sentinels
  27 black mambas
  3 merfolk sirens
  6 naga magi
  A smoke demon (Zot:3)
  3 guardian serpents
  2 water nymphs
  4 torpor snails (Lair:5)
  A naga skeleton (Crypt:3)
  2 eyes of devastation
  A water nymph (shapeshifter) (Depths:2)
  13 cane toads
  A gargoyle (D:10)
  A centaur skeleton (D:15)
  9 komodo dragons
  An efreet (D:14)
  2 unseen horrors
  2 alligator snapping turtle skeletons (Crypt:1)
  4 freezing wraiths
  An unseen horror (shapeshifter) (Elf:3)
  23 yaktaurs
  13 tengu conjurers
  A green draconian skeleton (Crypt:3)
  A white draconian skeleton (Crypt:2)
  An anaconda simulacrum (Elf:3)
  3 tyrant leeches (Lair:5)
  A human zombie (Vaults:5)
  7 merfolk
  11 polar bears
  6 hornets
  2 trolls
  65 slime creatures
  3 meliai
  A harpy skeleton (D:15)
  2 wind drakes
  A tarantella (Vaults:1)
  A hornet (shapeshifter) (D:13)
  4 snapping turtles
  13 blink frogs
  A great orb of eyes zombie (Slime:5)
  A fire dragon zombie (Crypt:1)
  A dream sheep (Lair:5)
  3 raiju (Lair:5)
  A flying skull (Crypt:3)
  2 spriggans
  A jumping spider (shapeshifter) (D:15)
  A shadow (D:10)
  A centaur simulacrum (D:15)
  8 water elementals
  10 humans (D:13)
  5 yaks
  3 air elementals
  4 wyverns
  A black mamba zombie (Crypt:3)
  A dire elephant simulacrum (Elf:3)
  8 wraiths
  2 golden eyes (Slime:5)
  A redback (shapeshifter) (Vaults:5)
  10 vampire mosquitoes
  2 fire elementals
  3 basilisks
  3 steam dragons
  A merfolk zombie (Shoals:4)
  2 minotaur simulacra (Elf:3)
  7 wargs
  4 redbacks
  A deep troll zombie (Depths:4)
  23 nagas
  Menkaure (D:7)
  5 acid dragons
  A faun zombie (Crypt:2)
  17 water moccasins
  9 hell hounds (Lair:5)
  A faun skeleton (Crypt:2)
  10 black bears
  23 orc warriors
  An ice beast (D:7)
  A boggart (D:14)
  An ice beast (shapeshifter) (D:9)
  An eye of devastation zombie (Crypt:3)
  11 ogres
  22 wolves
  2 centaurs (D:13)
  3 phantoms
  2 kobold brigands (D:10)
  A salamander zombie (Crypt:2)
  A yaktaur zombie (Vaults:1)
  11 bullfrogs
  2 elf zombies
  2 gnoll sergeants
  An earth elemental (Elf:2)
  4 scorpions
  2 necrophages (D:6)
  11 wights
  2 deep troll simulacra (Elf:3)
  A water moccasin zombie (Crypt:3)
  A tengu zombie (WizLab)
  2 lindwurm simulacra (Elf:3)
  9 killer bees
  8 howler monkeys
  A raiju skeleton (Crypt:1)
  A troll skeleton (Crypt:1)
  2 electric eels
  2 crimson imps (Depths:2)
  4 gnoll boudas
  9 orc priests
  9 hounds
  An iguana (D:6)
  6 jellies
  16 orc wizards
  A deep dwarf zombie (Crypt:1)
  7 adders
  20 gnolls
  4 shadow imps (D:7)
  2 white imps
  6 ufetubi
  An iguana skeleton (Crypt:2)
  A worm (D:4)
  2 dart slugs
  39 orcs
  4 ball pythons
  8 endoplasms
  3 giant cockroaches
  4 hobgoblins
  9 jackals
  4 kobolds
  6 quokkas
  3 bats
  3 frilled lizards
  5 goblins
  8 rats
  A tentacle (Shoals:1)
1662 creatures vanquished.

Vanquished Creatures (collateral kills)
  3 dread liches
  Mara (Shoals:4)
  5 orbs of fire
  Vv (Depths:3)
  2 Killer Klowns (Zot:5)
  6 golden dragons
  An electric golem (Zot:5)
  6 tentacled monstrosities
  A hellephant (D:4)
  A lich (Crypt:2)
  A deep elf blademaster (Elf:3)
  6 Orb Guardians (Zot:5)
  A kraken (Shoals:1)
  7 acid blobs
  3 quicksilver dragons
  A death cob (Zot:1)
  Polyphemus (Shoals:2)
  4 sphinxes
  An ancient champion (Crypt:3)
  3 shadow dragons
  4 azure jellies
  3 draconian monks
  8 fire giants
  4 tengu reavers (Vaults:5)
  3 nagarajas (Snake:4)
  3 storm dragons
  2 draconian knights (Zot:4)
  A draconian scorcher (Zot:5)
  A deep elf sorcerer (Elf:3)
  4 frost giants
  2 vault wardens
  2 draconian shifters
  5 ironbound preservers
  A deep elf elementalist (Elf:3)
  2 reapers
  A draconian annihilator (Zot:1)
  A draconian stormcaller (Zot:4)
  2 war gargoyles (Vaults:5)
  5 stone giants
  2 curse skulls
  A quicksilver ooze (Slime:3)
  2 very ugly things
  3 yellow draconians
  A deep elf demonologist (Elf:3)
  2 vampire knights
  5 ironbound thunderhulks
  10 black draconians
  4 green draconians
  3 red draconians
  4 white draconians
  4 purple draconians
  4 eidola
  3 spark wasps
  4 deep elf death magi
  An entropy weaver (Vaults:1)
  11 ettins
  A crystal guardian (Vaults:3)
  5 merfolk impalers
  A fire dragon (Depths:2)
  4 yaktaur captains
  3 jiangshi
  5 merfolk javelineers
  2 rakshasas
  4 deep elf high priests
  5 vault guards
  2 boulder beetles (D:14)
  6 hydras
  An alligator snapping turtle (Shoals:4)
  A peacekeeper (Vaults:3)
  2 salamander tyrants (Snake:4)
  7 centaur warriors
  7 anacondas
  A catoblepas (Shoals:2)
  6 merfolk avatars
  Erica (D:11)
  3 ironbound frosthearts
  3 spriggan air magi
  A death yak (Shoals:2)
  8 dancing weapons (Elf:2)
  A two-headed ogre (Zot:4)
  3 vampire magi
  12 naga warriors
  A deep troll earth mage (Depths:2)
  A tengu warrior (Depths:2)
  5 naga sharpshooters
  6 shock serpents
  4 deep elf knights (Elf:2)
  3 iron trolls
  A salamander mystic (Snake:4)
  A sixfirhy (Zot:5)
  4 shadow wraiths (Depths:3)
  8 skeletal warriors
  13 sea snakes
  15 deep trolls
  9 naga ritualists
  An orb spider (shapeshifter) (D:14)
  Lodul (D:11)
  A flayed ghost (Crypt:1)
  2 deep elf archers (Elf:1)
  A glowing orange brain (Vaults:3)
  A bunyip zombie (Crypt:3)
  3 phantasmal warriors
  5 lindwurms
  3 shining eyes
  6 ironbound convokers
  A wizard (D:13)
  An orc knight (Vaults:3)
  A necromancer (Depths:1)
  19 harpies
  7 deep elf pyromancers
  4 deep elf zephyrmancers
  8 manticores
  An orc sorcerer (Orc:2)
  9 ugly things
  2 fauns (Shoals:3)
  2 salamanders (Snake:4)
  3 mana vipers
  A moth of wrath (shapeshifter) (Vaults:1)
  4 cyclopes
  An elephant (Lair:5)
  A sphinx skeleton (Crypt:1)
  10 moths of wrath
  5 guardian serpents
  5 naga magi
  7 merfolk sirens
  A stone giant skeleton (Crypt:2)
  2 water nymphs
  16 black mambas
  An eye of devastation (Slime:3)
  A vault sentinel (Vaults:3)
  2 torpor snails
  A cane toad (Lair:5)
  Maggie (Lair:1)
  A freezing wraith (Crypt:3)
  A death yak zombie (Shoals:2)
  3 efreet
  An elephant slug zombie (Crypt:1)
  A rime drake (Lair:5)
  2 komodo dragons
  10 yaktaurs
  2 tengu conjurers (WizLab)
  17 merfolk
  A meliai (shapeshifter) (Vaults:5)
  5 trolls
  4 polar bears
  5 hornets
  7 wind drakes
  11 blink frogs
  35 slime creatures
  7 snapping turtles
  2 wyverns
  7 water elementals
  A wraith (Crypt:1)
  4 yaks
  3 fire elementals (Snake:3)
  8 humans (D:13)
  8 vampire mosquitoes
  4 basilisks
  A warg (Orc:2)
  26 nagas
  2 merfolk zombies (Shoals:4)
  5 water moccasins
  7 hell hounds
  A floating eye zombie (Crypt:1)
  3 orc warriors
  4 black bears (Lair:5)
  A cane toad skeleton (Crypt:3)
  7 ogres
  2 centaurs
  11 wolves
  2 bullfrogs
  A gnoll sergeant (D:10)
  A cyclops zombie (Crypt:2)
  A wight (D:7)
  5 killer bees
  3 howler monkeys
  2 crimson imps (Depths:2)
  A jelly (D:6)
  An orc priest (D:9)
  5 gnolls (D:10)
  An adder (D:4)
  An ufetubus (D:4)
  An iguana skeleton (Crypt:2)
  A lava snake skeleton (Crypt:1)
  12 orcs
  A rat (shapeshifter) (Depths:2)
  A bush (Lair:5)
  2 plants
  A tentacle (Shoals:1)
743 creatures vanquished.

Vanquished Creatures (others)
  A dread lich (Vaults:5)
  A quicksilver dragon (Zot:4)
  8 eldritch tentacles
  A vault warden (Vaults:4)
  A fire giant (Depths:4)
  Aizul (Vaults:4)
  4 spectral tentacled monstrosities
  A spectral fire giant (Depths:4)
  A spectral draconian (Zot:4)
  2 spectral elves
  2 rockslime zombies
  A green draconian (Zot:3)
  A very ugly thing zombie (Depths:2)
  3 acid blob zombies
  A quicksilver dragon zombie (Vaults:5)
  A kraken zombie (Shoals:1)
  A vault guard (Vaults:4)
  7 Orb Guardian zombies (Zot:5)
  A naga warrior (Snake:2)
  A dancing weapon (Elf:1)
  A tengu warrior (D:15)
  2 azure jelly zombies
  A quicksilver ooze zombie (Slime:4)
  3 storm dragon zombies
  A deep elf knight (Elf:3)
  An iron troll (Zot:4)
  A spectral ice dragon (Slime:1)
  A ghost moth zombie (Zot:5)
  2 spark wasp zombies
  6 anaconda zombies
  2 spectral humans
  An entropy weaver zombie (Vaults:1)
  A flayed ghost (D:14)
  2 spectral merfolk
  2 sphinx zombies
  2 wizards
  An ironbound convoker (Vaults:5)
  2 deep elf pyromancers
  5 frost giant zombies
  5 stone giant zombies
  9 ugly thing zombies
  A fire giant zombie (Depths:2)
  4 draconian zombies
  A moth of wrath (Zot:1)
  2 shock serpent zombies (Snake:4)
  A spectral rakshasa (Depths:3)
  3 white draconian zombies
  A catoblepas zombie (Shoals:2)
  3 spriggan zombies
  2 yaktaurs
  4 purple draconian zombies
  4 black draconian zombies
  2 green draconian zombies
  3 red draconian zombies
  2 unseen horror zombies
  3 iron troll zombies
  3 sea snake zombies
  5 yellow draconian zombies
  2 hydra zombies
  3 mana viper zombies
  6 harpy zombies
  A hornet (Lair:5)
  14 moth of wrath zombies
  3 guardian serpent zombies
  A meliai zombie (Vaults:5)
  A slime creature (Slime:5)
  8 ettin zombies
  2 ice dragon zombies
  A tarantella zombie (Vaults:1)
  2 fire dragon zombies
  18 black mamba zombies
  A great orb of eyes zombie (Vaults:3)
  2 wind drake zombies
  2 yaks (Lair:5)
  A human (D:13)
  25 slime creature zombies
  A fire elemental (Elf:3)
  A water elemental (Elf:2)
  2 faun zombies (Shoals:2)
  13 deep troll zombies
  A naga (Snake:1)
  10 tengu zombies
  7 merfolk zombies
  A water nymph zombie (Depths:2)
  2 hornet zombies
  3 lindwurm zombies
  3 spectral efreet
  3 cane toad zombies
  3 manticore zombies
  39 elf zombies
  A spectral shining eye (Slime:4)
  6 blink frog zombies
  2 vampire mosquito zombies
  32 naga zombies
  20 yaktaur zombies
  4 salamander zombies
  A spectral acid dragon (D:14)
  4 cyclops zombies
  A komodo dragon zombie (Lair:4)
  2 hell hound zombies (Lair:5)
  3 wyvern zombies
  4 water moccasin zombies
  A raiju zombie (Lair:5)
  3 warg zombies
  2 troll zombies (Zot:4)
  2 polar bear zombies (Lair:5)
  3 yak zombies (Lair:5)
  11 wolf zombies
  A bullfrog zombie (Lair:3)
  A basilisk zombie (D:14)
  17 centaur zombies
  5 black bear zombies
  9 killer bee zombies
  A spectral orc (D:13)
  An ice beast zombie (D:7)
  39 human zombies
  4 ogre zombies
  3 hound zombies
  2 howler monkey zombies (D:10)
  An adder zombie (D:5)
  A jelly zombie (D:7)
  A spectral white imp (D:7)
  An orc (D:9)
  9 gnoll zombies
  A dart slug zombie (D:4)
  A hobgoblin zombie (D:4)
  2 kobold zombies
  43 orc zombies
  A spectral ufetubus (D:7)
  7 demonic plants (D:7)
  63 fungi
  234 plants
  18 tentacles (Shoals:1)
885 creatures vanquished.

Grand Total: 3290 creatures vanquished

Notes
Turn   | Place    | Note
-------+----------+-------------------------------------------
     0 | D:5      | Reached skill level 9 in Stealth
     0 | D:5      | sleeves the Gnoll Delver began the quest for the Orb.
     0 | D:5      | Reached XP level 1. HP: 23/23 MP: 1/1
    16 | D:5      | Noticed a phantom
   180 | D:4      | Found a shadowy altar of Dithmenos.
   202 | D:4      | Noticed a scorpion
   240 | D:2      | Reached XP level 2. HP: 23/29 MP: 2/2
   448 | D:2      | HP: 13/29 [poisoned by an adder]
   453 | D:2      | HP: 8/29 [poisoned by an adder]
   638 | D:2      | Reached XP level 3. HP: 21/35 MP: 2/4
   814 | D:2      | Reached skill level 1 in Invocations
  1257 | D:1      | Reached skill level 1 in Short Blades
  1257 | D:1      | Reached skill level 1 in Long Blades
  1257 | D:1      | Reached skill level 1 in Axes
  1257 | D:1      | Reached skill level 1 in Maces & Flails
  1257 | D:1      | Reached skill level 1 in Staves
  1257 | D:1      | Reached skill level 1 in Ranged Weapons
  1257 | D:1      | Reached skill level 1 in Throwing
  1257 | D:1      | Reached skill level 1 in Armour
  1257 | D:1      | Reached skill level 1 in Shields
  1257 | D:1      | Reached skill level 1 in Unarmed Combat
  1257 | D:1      | Reached skill level 1 in Spellcasting
  1257 | D:1      | Reached skill level 1 in Evocations
  1403 | D:1      | Found a faded altar of an unknown god.
  1490 | D:1      | Reached XP level 4. HP: 41/41 MP: 5/5
  1870 | D:2      | Found Joilouma's Book Emporium.
  1926 | D:2      | CougarLife: ooo a gnol
  1970 | D:2      | CougarLife: u going oka?
  1970 | D:2      | sleeves: yred
  2046 | D:3      | Reached skill level 1 in Conjurations
  2046 | D:3      | Reached skill level 1 in Hexes
  2046 | D:3      | Reached skill level 1 in Summonings
  2046 | D:3      | Reached skill level 1 in Necromancy
  2046 | D:3      | Reached skill level 1 in Translocations
  2046 | D:3      | Reached skill level 1 in Transmutations
  2046 | D:3      | Reached skill level 1 in Fire Magic
  2046 | D:3      | Reached skill level 1 in Ice Magic
  2046 | D:3      | Reached skill level 1 in Air Magic
  2046 | D:3      | Reached skill level 1 in Earth Magic
  2046 | D:3      | Reached skill level 1 in Poison Magic
  2197 | D:3      | Found an opulent altar of Gozag.
  2697 | D:3      | Reached XP level 5. HP: 45/47 MP: 7/7
  2831 | D:3      | Found a bloodstained altar of Trog.
  2920 | D:3      | Found a faded altar of an unknown god.
  2927 | D:3      | Found a glowing silver altar of Zin.
  2997 | D:4      | Reached skill level 2 in Invocations
  3019 | D:4      | Reached XP level 6. HP: 48/53 MP: 8/8
  3063 | D:4      | Found a staircase to the Ecumenical Temple.
  3072 | Temple   | Entered the Ecumenical Temple
  3079 | Temple   | Became a worshipper of Yredelemnul the Dark
  3431 | D:4      | Reached skill level 5 in Polearms
  3431 | D:4      | Reached skill level 5 in Dodging
  3442 | D:4      | sleeves: lol i cant set my speed
  3516 | D:4      | Found an ornate altar of the Wu Jian Council.
  3517 | D:4      | Found a shimmering blue altar of Sif Muna.
  3519 | D:4      | Found a sparkling altar of Nemelex Xobeh.
  3582 | D:4      | Noticed a black bear
  3612 | D:4      | Reached * piety under Yredelemnul
  3612 | D:4      | Reached skill level 2 in Short Blades
  3612 | D:4      | Reached skill level 2 in Long Blades
  3612 | D:4      | Reached skill level 2 in Axes
  3612 | D:4      | Reached skill level 2 in Maces & Flails
  3612 | D:4      | Reached skill level 2 in Staves
  3612 | D:4      | Reached skill level 2 in Ranged Weapons
  3612 | D:4      | Reached skill level 2 in Throwing
  3612 | D:4      | Reached skill level 2 in Armour
  3612 | D:4      | Reached skill level 2 in Shields
  3612 | D:4      | Reached skill level 2 in Unarmed Combat
  3612 | D:4      | Reached skill level 2 in Spellcasting
  3612 | D:4      | Reached skill level 2 in Evocations
  3667 | D:4      | HP: 25/53 [orc priest/divine providence (12)]
  3864 | D:4      | HP: 22/53 [orc wizard/puff of flame (10)]
  4223 | D:5      | Found Varouzec's Distillery.
  4225 | D:5      | Found Odghaharo's General Store.
  4226 | D:5      | Found Xacvutot's Armour Shoppe.
  4231 | D:5      | Found Saizej's Magic Scroll Shoppe.
  4329 | D:4      | HP: 25/53 [gnoll bouda/+0 club (6)]
  4667 | D:5      | Bought a scroll of identify for 28 gold pieces
  4770 | D:5      | Found a transporter.
  4794 | D:5      | Reached skill level 7 in Fighting
  4794 | D:5      | Reached skill level 2 in Conjurations
  4794 | D:5      | Reached skill level 2 in Hexes
  4794 | D:5      | Reached skill level 2 in Summonings
  4794 | D:5      | Reached skill level 2 in Necromancy
  4794 | D:5      | Reached skill level 2 in Translocations
  4794 | D:5      | Reached skill level 2 in Transmutations
  4794 | D:5      | Reached skill level 2 in Fire Magic
  4794 | D:5      | Reached skill level 2 in Ice Magic
  4794 | D:5      | Reached skill level 2 in Air Magic
  4794 | D:5      | Reached skill level 2 in Earth Magic
  4794 | D:5      | Reached skill level 2 in Poison Magic
  4794 | D:5      | Reached XP level 7. HP: 55/60 MP: 10/10
  4896 | D:5      | HP: 30/60 [gnoll bouda/+0 club (4)]
  4901 | D:5      | HP: 28/60 [adder (3)]
  4906 | D:5      | HP: 18/60 [poisoned by an adder]
  4911 | D:5      | HP: 14/60 [poisoned by an adder]
  5231 | D:5      | Found a transporter.
  5361 | D:5      | Found a transporter.
  5566 | D:5      | Noticed BigDaddyOpFi's ghost (novice HOFi)
  5729 | D:5      | Found a transporter.
  5738 | D:5      | Reached skill level 10 in Stealth
  5738 | D:5      | Reached skill level 3 in Invocations
  6163 | D:6      | Reached skill level 3 in Short Blades
  6163 | D:6      | Reached skill level 3 in Long Blades
  6163 | D:6      | Reached skill level 3 in Axes
  6163 | D:6      | Reached skill level 3 in Maces & Flails
  6163 | D:6      | Reached skill level 3 in Staves
  6163 | D:6      | Reached skill level 3 in Ranged Weapons
  6163 | D:6      | Reached skill level 3 in Throwing
  6163 | D:6      | Reached skill level 3 in Armour
  6163 | D:6      | Reached skill level 3 in Shields
  6163 | D:6      | Reached skill level 3 in Unarmed Combat
  6163 | D:6      | Reached skill level 3 in Spellcasting
  6163 | D:6      | Reached skill level 3 in Evocations
  6163 | D:6      | Reached XP level 8. HP: 59/67 MP: 12/12
  6332 | D:5      | HP: 31/67 [gnoll/+0 whip[a gnoll bouda] (5)]
  6864 | D:6      | Noticed Sigmund
  6865 | D:6      | Noticed Sigmund
  6865 | D:6      | Sigmund changed into Sigmund the jelly
  6869 | D:6      | Killed Sigmund the jelly
  7667 | D:7      | Noticed Menkaure
  7670 | D:7      | Killed Menkaure
  7725 | D:7      | Reached skill level 6 in Polearms
  7725 | D:7      | Reached skill level 6 in Dodging
  7725 | D:7      | Reached skill level 3 in Conjurations
  7725 | D:7      | Reached skill level 3 in Hexes
  7725 | D:7      | Reached skill level 3 in Summonings
  7725 | D:7      | Reached skill level 3 in Necromancy
  7725 | D:7      | Reached skill level 3 in Translocations
  7725 | D:7      | Reached skill level 3 in Transmutations
  7725 | D:7      | Reached skill level 3 in Fire Magic
  7725 | D:7      | Reached skill level 3 in Ice Magic
  7725 | D:7      | Reached skill level 3 in Air Magic
  7725 | D:7      | Reached skill level 3 in Earth Magic
  7725 | D:7      | Reached skill level 3 in Poison Magic
  7725 | D:7      | Reached skill level 4 in Invocations
  7832 | D:6      | Learned a level 3 spell: Stone Arrow
  7836 | D:6      | Learned a level 3 spell: Swiftness
  8037 | D:7      | Reached XP level 9. HP: 60/73 MP: 14/14
  8164 | D:7      | Reached skill level 4 in Short Blades
  8164 | D:7      | Reached skill level 4 in Long Blades
  8164 | D:7      | Reached skill level 4 in Axes
  8164 | D:7      | Reached skill level 4 in Maces & Flails
  8164 | D:7      | Reached skill level 4 in Staves
  8164 | D:7      | Reached skill level 4 in Ranged Weapons
  8164 | D:7      | Reached skill level 4 in Throwing
  8164 | D:7      | Reached skill level 4 in Armour
  8164 | D:7      | Reached skill level 4 in Shields
  8164 | D:7      | Reached skill level 4 in Unarmed Combat
  8164 | D:7      | Reached skill level 4 in Spellcasting
  8164 | D:7      | Reached skill level 4 in Evocations
  8482 | D:7      | HP: 36/74 [wight/+4 long sword of freezing (14)]
  8784 | D:7      | Reached skill level 8 in Fighting
  8981 | D:6      | Reached skill level 5 in Invocations
  9707 | D:8      | Reached skill level 4 in Conjurations
  9707 | D:8      | Reached skill level 4 in Hexes
  9707 | D:8      | Reached skill level 4 in Summonings
  9707 | D:8      | Reached skill level 4 in Necromancy
  9707 | D:8      | Reached skill level 4 in Translocations
  9707 | D:8      | Reached skill level 4 in Transmutations
  9707 | D:8      | Reached skill level 4 in Fire Magic
  9707 | D:8      | Reached skill level 4 in Ice Magic
  9707 | D:8      | Reached skill level 4 in Air Magic
  9707 | D:8      | Reached skill level 4 in Earth Magic
  9707 | D:8      | Reached skill level 4 in Poison Magic
 10059 | D:8      | Reached skill level 5 in Short Blades
 10059 | D:8      | Reached skill level 5 in Long Blades
 10059 | D:8      | Reached skill level 5 in Axes
 10059 | D:8      | Reached skill level 5 in Maces & Flails
 10059 | D:8      | Reached skill level 5 in Staves
 10059 | D:8      | Reached skill level 5 in Ranged Weapons
 10059 | D:8      | Reached skill level 5 in Throwing
 10059 | D:8      | Reached skill level 5 in Armour
 10059 | D:8      | Reached skill level 5 in Shields
 10059 | D:8      | Reached skill level 5 in Unarmed Combat
 10059 | D:8      | Reached skill level 5 in Spellcasting
 10059 | D:8      | Reached skill level 5 in Evocations
 10063 | D:8      | Reached XP level 10. HP: 73/81 MP: 17/17
 10159 | D:8      | Found a staircase to the Lair.
 10178 | D:8      | HP: 36/82 [komodo dragon (18)]
 10185 | D:8      | Reached skill level 7 in Polearms
 10185 | D:8      | Reached skill level 7 in Dodging
 10941 | D:9      | Reached skill level 11 in Stealth
 10954 | D:9      | HP: 40/82 [orc warrior/+0 trident (4)]
 11385 | D:9      | Noticed a centaur warrior
 11389 | D:9      | Noticed a fire crab
 11502 | D:9      | Reached skill level 6 in Invocations
 11568 | D:9      | HP: 38/82 [orc priest/divine providence (12)]
 11599 | D:9      | Noticed Harold
 11606 | D:9      | Reached ** piety under Yredelemnul
 12053 | D:10     | Entered Level 10 of the Dungeon
 12234 | D:10     | Learned a level 4 spell: Passage of Golubria
 12324 | D:10     | Noticed Josephine
 13369 | D:10     | Noticed a gargoyle
 13378 | D:10     | Killed a gargoyle
 13379 | D:10     | Reached skill level 9 in Fighting
 13379 | D:10     | Reached skill level 6 in Short Blades
 13379 | D:10     | Reached skill level 6 in Long Blades
 13379 | D:10     | Reached skill level 6 in Axes
 13379 | D:10     | Reached skill level 6 in Maces & Flails
 13379 | D:10     | Reached skill level 6 in Staves
 13379 | D:10     | Reached skill level 6 in Ranged Weapons
 13379 | D:10     | Reached skill level 6 in Throwing
 13379 | D:10     | Reached skill level 6 in Armour
 13379 | D:10     | Reached skill level 6 in Shields
 13379 | D:10     | Reached skill level 6 in Unarmed Combat
 13379 | D:10     | Reached skill level 6 in Spellcasting
 13379 | D:10     | Reached skill level 6 in Evocations
 13617 | D:10     | Noticed an unseen horror
 13618 | D:10     | Reached skill level 5 in Conjurations
 13618 | D:10     | Reached skill level 5 in Hexes
 13618 | D:10     | Reached skill level 5 in Summonings
 13618 | D:10     | Reached skill level 5 in Necromancy
 13618 | D:10     | Reached skill level 5 in Translocations
 13618 | D:10     | Reached skill level 5 in Transmutations
 13618 | D:10     | Reached skill level 5 in Fire Magic
 13618 | D:10     | Reached skill level 5 in Ice Magic
 13618 | D:10     | Reached skill level 5 in Air Magic
 13618 | D:10     | Reached skill level 5 in Earth Magic
 13618 | D:10     | Reached skill level 5 in Poison Magic
 13621 | D:10     | Reached XP level 11. HP: 50/89 MP: 20/20
 13626 | D:10     | HP: 42/89 [unseen horror (4)]
 13656 | D:10     | HP: 43/89 [gnoll sergeant/+0 trident of venom (5)]
 13661 | D:10     | HP: 33/89 [poisoned by a gnoll sergeant]
 13666 | D:10     | HP: 29/89 [poisoned by a gnoll sergeant]
 13688 | D:10     | HP: 24/89 [something/ball of steam (10)]
 13697 | D:10     | HP: 23/89 [steam dragon] (3)]
 14564 | D:10     | Identified the amulet "Ruoniv" {Spirit Regen+ Dex+5}
 14564 | D:10     | Noticed a wizard
 14588 | D:10     | Killed a wizard
 14640 | D:10     | Reached skill level 7 in Invocations
 15034 | D:11     | Noticed a cyclops
 15437 | D:11     | HP: 41/89 [slime creature (13)]
 15443 | D:11     | HP: 29/89 [slime creature (14)]
 15589 | Lair:1   | Entered Level 1 of the Lair of Beasts
 15598 | D:8      | HP: 42/89 [blink frog (5)]
 15600 | D:8      | Reached skill level 8 in Polearms
 15600 | D:8      | Reached skill level 8 in Dodging
 15603 | D:8      | HP: 35/89 [poisoned by a cane toad]
 15671 | D:8      | HP: 37/89 [blink frog (14)]
 15871 | Lair:1   | Found a large runed translucent door.
 15872 | Lair:1   | Found a large runed translucent door.
 16036 | Lair:1   | Noticed Maggie
 16051 | Lair:1   | Killed Maggie
 16057 | Lair:1   | Your ally Maggie died
 16298 | Lair:1   | Reached *** piety under Yredelemnul
 16383 | Lair:1   | Reached **** piety under Yredelemnul
 16676 | Lair:1   | Noticed Iamsock's ghost (novice GnFi)
 16789 | Lair:2   | Learned a level 5 spell: Lee's Rapid Deconstruction
 16857 | Lair:2   | Reached skill level 7 in Short Blades
 16857 | Lair:2   | Reached skill level 7 in Long Blades
 16857 | Lair:2   | Reached skill level 7 in Axes
 16857 | Lair:2   | Reached skill level 7 in Maces & Flails
 16857 | Lair:2   | Reached skill level 7 in Staves
 16857 | Lair:2   | Reached skill level 7 in Ranged Weapons
 16857 | Lair:2   | Reached skill level 7 in Throwing
 16857 | Lair:2   | Reached skill level 7 in Armour
 16857 | Lair:2   | Reached skill level 7 in Shields
 16857 | Lair:2   | Reached skill level 7 in Unarmed Combat
 16857 | Lair:2   | Reached skill level 7 in Spellcasting
 16857 | Lair:2   | Reached skill level 7 in Evocations
 16879 | Lair:2   | Found a gate leading to a gauntlet.
 16887 | Gauntlet | Entered a Gauntlet
 16887 | Gauntlet | Found a transporter.
 16887 | Gauntlet | Found a transporter.
 16894 | Gauntlet | Found a transporter.
 16894 | Gauntlet | Noticed a fire crab
 16902 | Gauntlet | Found a transporter.
 16909 | Gauntlet | Noticed a catoblepas
 16911 | Gauntlet | Noticed a death yak
 16912 | Gauntlet | Found a transporter.
 16912 | Gauntlet | Found a transporter.
 16912 | Gauntlet | Noticed a death yak
 16912 | Gauntlet | Noticed a death yak
 16913 | Gauntlet | Noticed a death yak
 16922 | Gauntlet | Noticed a five-headed hydra
 16930 | Gauntlet | Found a transporter.
 16937 | Gauntlet | Found a transporter.
 16960 | Gauntlet | Found a transporter.
 17007 | Gauntlet | Found a transporter.
 17022 | Gauntlet | Found a transporter.
 17040 | Gauntlet | Found a transporter.
 17126 | Gauntlet | Found a transporter.
 17139 | Gauntlet | Found a transporter.
 17141 | Gauntlet | Found a large runed translucent door.
 17141 | Gauntlet | Found a large runed translucent door.
 17142 | Gauntlet | Found a large runed translucent door.
 17142 | Gauntlet | Found a large runed translucent door.
 17145 | Gauntlet | Found a runed translucent door.
 17145 | Gauntlet | Found a large runed translucent door.
 17145 | Gauntlet | Found a runed translucent door.
 17145 | Gauntlet | Found a large runed translucent door.
 17145 | Gauntlet | Found a large runed translucent door.
 17145 | Gauntlet | Found a large runed translucent door.
 17146 | Gauntlet | Found a large runed translucent door.
 17146 | Gauntlet | Found a large runed translucent door.
 17147 | Gauntlet | Found a large runed translucent door.
 17147 | Gauntlet | Found a large runed translucent door.
 17150 | Gauntlet | Found a large runed translucent door.
 17150 | Gauntlet | Found a large runed translucent door.
 17151 | Gauntlet | Found a runed translucent gate.
 17151 | Gauntlet | Found a runed translucent gate.
 17153 | Gauntlet | Found a transporter.
 17161 | Gauntlet | Found a runed translucent gate.
 17166 | Gauntlet | Found a transporter.
 17190 | Gauntlet | Found a large runed translucent door.
 17190 | Gauntlet | Found a large runed translucent door.
 17324 | Lair:2   | Found a staircase to the Shoals.
 17529 | Lair:2   | Reached XP level 12. HP: 97/97 MP: 22/22
 17600 | Lair:2   | Identified the +9 sling of Brawling {speed, rC+ Int+2}
 17756 | Lair:2   | Found a staircase to the Snake Pit.
 18077 | Lair:3   | Reached skill level 6 in Conjurations
 18077 | Lair:3   | Reached skill level 6 in Hexes
 18077 | Lair:3   | Reached skill level 6 in Summonings
 18077 | Lair:3   | Reached skill level 6 in Necromancy
 18077 | Lair:3   | Reached skill level 6 in Translocations
 18077 | Lair:3   | Reached skill level 6 in Transmutations
 18077 | Lair:3   | Reached skill level 6 in Fire Magic
 18077 | Lair:3   | Reached skill level 6 in Ice Magic
 18077 | Lair:3   | Reached skill level 6 in Air Magic
 18077 | Lair:3   | Reached skill level 6 in Earth Magic
 18077 | Lair:3   | Reached skill level 6 in Poison Magic
 18107 | Lair:3   | Noticed Rupert
 18121 | Lair:3   | Noticed a boulder beetle
 18259 | Lair:3   | Reached skill level 8 in Invocations
 18269 | Lair:3   | Killed a boulder beetle
 18270 | Lair:3   | Reached skill level 12 in Stealth
 18316 | Lair:3   | Reached skill level 10 in Fighting
 18495 | D:9      | Killed Harold
 19004 | D:9      | Learned a level 3 spell: Summon Guardian Golem
 19008 | D:9      | Learned a level 3 spell: Call Canine Familiar
 19036 | D:9      | Killed a centaur warrior
 19231 | D:11     | Noticed a two-headed ogre
 19233 | D:11     | Killed a two-headed ogre
 19234 | D:11     | Reached skill level 9 in Polearms
 19234 | D:11     | Reached skill level 9 in Dodging
 19279 | D:11     | Noticed Erica
 19295 | D:11     | HP: 48/97 [Erica/+1 scimitar of flaming (3)]
 19296 | D:11     | Killed Erica
 19611 | D:11     | Noticed Lodul
 19643 | D:11     | Found a staircase to the Orcish Mines.
 20040 | D:11     | Killed Lodul
 20049 | D:11     | Reached ***** piety under Yredelemnul
 20348 | D:11     | Found a shimmering blue altar of Sif Muna.
 20363 | D:11     | Reached skill level 8 in Short Blades
 20363 | D:11     | Reached skill level 8 in Long Blades
 20363 | D:11     | Reached skill level 8 in Axes
 20363 | D:11     | Reached skill level 8 in Maces & Flails
 20363 | D:11     | Reached skill level 8 in Staves
 20363 | D:11     | Reached skill level 8 in Ranged Weapons
 20363 | D:11     | Reached skill level 8 in Throwing
 20363 | D:11     | Reached skill level 8 in Armour
 20363 | D:11     | Reached skill level 8 in Shields
 20363 | D:11     | Reached skill level 8 in Unarmed Combat
 20363 | D:11     | Reached skill level 8 in Spellcasting
 20363 | D:11     | Reached skill level 8 in Evocations
 21106 | D:12     | Noticed a centaur warrior
 21122 | D:12     | Killed a centaur warrior
 21123 | D:12     | Reached XP level 13. HP: 97/104 MP: 22/25
 21306 | D:12     | Reached skill level 9 in Invocations
 21675 | D:13     | Found a runed translucent gate.
 21676 | D:13     | Found a runed translucent gate.
 21676 | D:13     | Found a runed translucent gate.
 21677 | D:13     | Found an opulent altar of Gozag.
 21677 | D:13     | Noticed a tengu reaver
 21694 | D:13     | HP: 46/104 [meliai/divine providence (8)]
 22134 | Lair:3   | HP: 51/104 [Rupert/+0 battleaxe of freezing (30)]
 22234 | Lair:4   | Reached skill level 7 in Conjurations
 22234 | Lair:4   | Reached skill level 7 in Hexes
 22234 | Lair:4   | Reached skill level 7 in Summonings
 22234 | Lair:4   | Reached skill level 7 in Necromancy
 22234 | Lair:4   | Reached skill level 7 in Translocations
 22234 | Lair:4   | Reached skill level 7 in Transmutations
 22234 | Lair:4   | Reached skill level 7 in Fire Magic
 22234 | Lair:4   | Reached skill level 7 in Ice Magic
 22234 | Lair:4   | Reached skill level 7 in Air Magic
 22234 | Lair:4   | Reached skill level 7 in Earth Magic
 22234 | Lair:4   | Reached skill level 7 in Poison Magic
 22424 | Lair:3   | Paralysed by Rupert for 5 turns
 22614 | Orc:1    | Entered Level 1 of the Orcish Mines
 22720 | Orc:1    | Found Motilisi's General Store.
 22759 | Orc:1    | Bought 3 curare-tipped darts for 21 gold pieces
 22926 | Orc:2    | Entered Level 2 of the Orcish Mines
 23361 | Orc:2    | Noticed Urug
 23444 | Orc:2    | Found a staircase to the Elven Halls.
 23588 | Orc:2    | HP: 41/105 [themself] (14)]
 23596 | Orc:2    | HP: 44/105 [orc knight/+2 broad axe (20)]
 23845 | Orc:2    | Noticed Nergalle
 24067 | Orc:2    | Found Beicroil's Distillery.
 24073 | Orc:2    | Noticed Saint Roka
 24115 | Orc:2    | HP: 50/105 [Urug/+7 great mace (21)]
 24119 | Orc:2    | Killed Urug
 24317 | Orc:2    | Killed Saint Roka
 24318 | Orc:2    | Reached skill level 11 in Fighting
 24318 | Orc:2    | Reached skill level 10 in Polearms
 24318 | Orc:2    | Reached skill level 10 in Dodging
 25056 | Orc:2    | Killed Nergalle
 25088 | Orc:2    | Found Ihekhieh's Antique Weapon Emporium.
 25196 | Orc:2    | Found Atweta's General Store.
 25212 | Orc:2    | Found Xeotsogeorr's Book Emporium.
 25228 | Orc:2    | Found Kenoly's Antique Armour Emporium.
 25235 | Orc:2    | Bought a glowing cloak for 202 gold pieces
 25235 | Orc:2    | Bought a twisted robe for 153 gold pieces
 25235 | Orc:2    | Identified the +1 robe of Uskayaw's Hope {Dex+3} (You
                  | bought it in a shop on level 2 of the Orcish Mines)
 25284 | Orc:2    | Reached skill level 9 in Short Blades
 25284 | Orc:2    | Reached skill level 9 in Long Blades
 25284 | Orc:2    | Reached skill level 9 in Axes
 25284 | Orc:2    | Reached skill level 9 in Maces & Flails
 25284 | Orc:2    | Reached skill level 9 in Staves
 25284 | Orc:2    | Reached skill level 9 in Ranged Weapons
 25284 | Orc:2    | Reached skill level 9 in Throwing
 25284 | Orc:2    | Reached skill level 9 in Armour
 25284 | Orc:2    | Reached skill level 9 in Shields
 25284 | Orc:2    | Reached skill level 9 in Unarmed Combat
 25284 | Orc:2    | Reached skill level 9 in Spellcasting
 25284 | Orc:2    | Reached skill level 9 in Evocations
 25417 | D:12     | HP: 51/106 [meliai/+0 hand axe (9)]
 25611 | D:12     | Reached skill level 13 in Stealth
 25671 | D:12     | HP: 46/106 [meliai/divine providence (9)]
 25676 | D:12     | HP: 22/106 [poisoned by a meliai]
 25681 | D:12     | HP: 17/106 [poisoned by a meliai]
 25820 | D:13     | Noticed Xuta's ghost (journeyman FoFi)
 26020 | D:13     | Reached skill level 10 in Invocations
 26020 | D:13     | Reached XP level 14. HP: 113/113 MP: 27/27
 26185 | D:13     | Identified the +5 flail of the Volcano {elec, rElec Will+
                  | Str-4 Dex+4}
 26196 | D:13     | Found a gate to the Vaults.
 26931 | D:13     | Found Otrep's Assorted Antiques.
 27091 | D:14     | Reached skill level 8 in Conjurations
 27091 | D:14     | Reached skill level 8 in Hexes
 27091 | D:14     | Reached skill level 8 in Summonings
 27091 | D:14     | Reached skill level 8 in Necromancy
 27091 | D:14     | Reached skill level 8 in Translocations
 27091 | D:14     | Reached skill level 8 in Transmutations
 27091 | D:14     | Reached skill level 8 in Fire Magic
 27091 | D:14     | Reached skill level 8 in Ice Magic
 27091 | D:14     | Reached skill level 8 in Air Magic
 27091 | D:14     | Reached skill level 8 in Earth Magic
 27091 | D:14     | Reached skill level 8 in Poison Magic
 28790 | D:9      | Killed Josephine
 29473 | D:14     | Reached skill level 11 in Polearms
 29473 | D:14     | Reached skill level 11 in Dodging
 29538 | D:14     | Reached skill level 10 in Short Blades
 29538 | D:14     | Reached skill level 10 in Long Blades
 29538 | D:14     | Reached skill level 10 in Axes
 29538 | D:14     | Reached skill level 10 in Maces & Flails
 29538 | D:14     | Reached skill level 10 in Staves
 29538 | D:14     | Reached skill level 10 in Ranged Weapons
 29538 | D:14     | Reached skill level 10 in Throwing
 29538 | D:14     | Reached skill level 10 in Armour
 29538 | D:14     | Reached skill level 10 in Shields
 29538 | D:14     | Reached skill level 10 in Unarmed Combat
 29538 | D:14     | Reached skill level 10 in Spellcasting
 29538 | D:14     | Reached skill level 10 in Evocations
 29927 | D:14     | Reached XP level 15. HP: 113/120 MP: 18/29
 29974 | D:14     | Reached skill level 12 in Fighting
 29974 | D:14     | Reached skill level 11 in Invocations
 30090 | D:14     | HP: 60/120 [boulder beetle (8)]
 30436 | D:15     | Entered Level 15 of the Dungeon
 30968 | D:15     | Identified the +1 sling of Yggiutai {vorpal, rC- Str-5
                  | Dex+10}
 31294 | D:15     | Found a staircase to the Depths.
 31478 | D:15     | Found a glowing golden altar of the Shining One.
 31992 | Lair:3   | Killed Rupert
 32996 | Lair:4   | Reached skill level 14 in Stealth
 33792 | Lair:4   | Reached skill level 9 in Conjurations
 33792 | Lair:4   | Reached skill level 9 in Hexes
 33792 | Lair:4   | Reached skill level 9 in Summonings
 33792 | Lair:4   | Reached skill level 9 in Necromancy
 33792 | Lair:4   | Reached skill level 9 in Translocations
 33792 | Lair:4   | Reached skill level 9 in Transmutations
 33792 | Lair:4   | Reached skill level 9 in Fire Magic
 33792 | Lair:4   | Reached skill level 9 in Ice Magic
 33792 | Lair:4   | Reached skill level 9 in Air Magic
 33792 | Lair:4   | Reached skill level 9 in Earth Magic
 33792 | Lair:4   | Reached skill level 9 in Poison Magic
 34364 | D:5      | Bought a scroll of acquirement for 728 gold pieces
 34492 | Snake:1  | Entered Level 1 of the Snake Pit
 34655 | Lair:2   | HP: 52/122 [naga warrior/+0 scimitar (13)]
 34665 | Lair:2   | HP: 42/122 [poisoned by a naga warrior (splash of poison)]
 34670 | Lair:2   | HP: 39/122 [poisoned by a naga warrior (splash of poison)]
 35061 | Lair:2   | HP: 58/122 [shock serpent/electric aura (4)]
 35066 | Lair:2   | HP: 25/122 [shock serpent (13)]
 36407 | Snake:1  | Reached XP level 16. HP: 129/129 MP: 30/30
 36466 | Snake:1  | Found a transporter.
 36466 | Snake:1  | Noticed holycorn's ghost (journeyman MiBe)
 36835 | Snake:1  | Reached skill level 11 in Short Blades
 36835 | Snake:1  | Reached skill level 11 in Long Blades
 36835 | Snake:1  | Reached skill level 11 in Axes
 36835 | Snake:1  | Reached skill level 11 in Maces & Flails
 36835 | Snake:1  | Reached skill level 11 in Staves
 36835 | Snake:1  | Reached skill level 11 in Ranged Weapons
 36835 | Snake:1  | Reached skill level 11 in Throwing
 36835 | Snake:1  | Reached skill level 11 in Armour
 36835 | Snake:1  | Reached skill level 11 in Shields
 36835 | Snake:1  | Reached skill level 11 in Unarmed Combat
 36835 | Snake:1  | Reached skill level 11 in Spellcasting
 36835 | Snake:1  | Reached skill level 11 in Evocations
 36892 | Snake:1  | Reached ****** piety under Yredelemnul
 36894 | Snake:1  | Reached skill level 12 in Invocations
 36901 | Snake:1  | Found a transporter.
 36914 | Snake:1  | Reached skill level 12 in Polearms
 36914 | Snake:1  | Reached skill level 12 in Dodging
 36923 | Snake:1  | HP: 64/129 [poisoned by a naga (splash of poison)]
 37453 | Snake:1  | HP: 63/129 [mana viper (4)]
 38001 | Snake:2  | Found a white marble altar of Elyvilon.
 38662 | Snake:2  | Reached skill level 13 in Fighting
 39465 | Snake:2  | HP: 63/130 [shock serpent/bolt of electricity (5)]
 40254 | Snake:3  | HP: 65/130 [black mamba[a naga ritualist] (10)]
 40799 | Snake:3  | Noticed Azrael
 40808 | Snake:3  | Killed Azrael
 40808 | Snake:3  | Enslaved Azrael
 40813 | Snake:3  | HP: 65/131 [anaconda (12)]
 41797 | Snake:3  | CougarLife: i see the gnolls still alive
 41802 | Snake:4  | Entered Level 4 of the Snake Pit
 41909 | Snake:4  | Reached XP level 17. HP: 113/137 MP: 32/32
 42122 | Snake:4  | HP: 50/137 [nagaraja/+0 club (24)]
 42124 | Snake:4  | Reached skill level 10 in Conjurations
 42124 | Snake:4  | Reached skill level 10 in Hexes
 42124 | Snake:4  | Reached skill level 10 in Summonings
 42124 | Snake:4  | Reached skill level 10 in Necromancy
 42124 | Snake:4  | Reached skill level 10 in Translocations
 42124 | Snake:4  | Reached skill level 10 in Transmutations
 42124 | Snake:4  | Reached skill level 10 in Fire Magic
 42124 | Snake:4  | Reached skill level 10 in Ice Magic
 42124 | Snake:4  | Reached skill level 10 in Air Magic
 42124 | Snake:4  | Reached skill level 10 in Earth Magic
 42124 | Snake:4  | Reached skill level 10 in Poison Magic
 42127 | Snake:4  | HP: 40/137 [poisoned by a nagaraja (splash of poison)]
 42319 | Snake:4  | HP: 66/137 [naga warrior/+0 halberd (23)]
 42533 | Snake:4  | HP: 67/137 [poisoned by a nagaraja (bolt of poison)]
 42538 | Snake:4  | HP: 35/137 [poisoned by a nagaraja (bolt of poison)]
 42543 | Snake:3  | HP: 22/137 [poisoned by a nagaraja (bolt of poison)]
 42548 | Snake:3  | HP: 18/137 [poisoned by a nagaraja (bolt of poison)]
 43251 | Snake:4  | Reached skill level 15 in Stealth
 43421 | Snake:4  | Reached skill level 13 in Invocations
 43422 | Snake:4  | HP: 64/137 [naga/+0 glaive (9)]
 43675 | Snake:4  | Reached skill level 12 in Short Blades
 43675 | Snake:4  | Reached skill level 12 in Long Blades
 43675 | Snake:4  | Reached skill level 12 in Axes
 43675 | Snake:4  | Reached skill level 12 in Maces & Flails
 43675 | Snake:4  | Reached skill level 12 in Staves
 43675 | Snake:4  | Reached skill level 12 in Ranged Weapons
 43675 | Snake:4  | Reached skill level 12 in Throwing
 43675 | Snake:4  | Reached skill level 12 in Armour
 43675 | Snake:4  | Reached skill level 12 in Shields
 43675 | Snake:4  | Reached skill level 12 in Unarmed Combat
 43675 | Snake:4  | Reached skill level 12 in Spellcasting
 43675 | Snake:4  | Reached skill level 12 in Evocations
 43678 | Snake:4  | HP: 65/137 [salamander/+2 trident (7)]
 43683 | Snake:4  | HP: 56/137 [poisoned by a naga ritualist (toxic radiance)]
 44406 | Snake:4  | Reached skill level 13 in Polearms
 44406 | Snake:4  | Reached skill level 13 in Dodging
 44693 | Snake:4  | HP: 68/138 [poisoned by a guardian serpent (bolt of
                  | poison)]
 44698 | Snake:4  | HP: 32/138 [poisoned by a guardian serpent (bolt of
                  | poison)]
 44703 | Snake:4  | HP: 25/138 [poisoned by a guardian serpent (bolt of
                  | poison)]
 45555 | Snake:4  | Noticed Vashnia
 45658 | Snake:4  | Killed Vashnia
 45695 | Snake:4  | Got a serpentine rune of Zot
 46109 | Shoals:1 | Entered Level 1 of the Shoals
 46143 | Shoals:1 | Noticed a kraken
 46430 | Shoals:1 | Identified the +0 robe of Follow the Leader {Rampage rN+
                  | Int+6 Dex-3}
 46796 | Shoals:1 | Reached XP level 18. HP: 120/145 MP: 34/34
 46798 | Shoals:1 | Reached skill level 14 in Fighting
 46916 | Shoals:1 | Your ally Azrael died
 46916 | Shoals:1 | HP: 67/146 [kraken (24)]
 46918 | Shoals:1 | CougarLife: i wanna make a lightning spell caster work
 46918 | Shoals:1 | CougarLife: chain lightning seems cool
 46918 | Shoals:1 | CougarLife: also spooky kraken
 46918 | Shoals:1 | sleeves: lightning is a weird school
 46918 | Shoals:1 | sleeves: you can do 0 damage or instakill people
 46918 | Shoals:1 | CougarLife: shock is a good starter spell
 46918 | Shoals:1 | CougarLife: its like mini javs that cost mana
 46918 | Shoals:1 | sleeves: im sad he just killed my enslaved azrael
 46918 | Shoals:1 | sleeves: he had hellfire
 46924 | Shoals:1 | CougarLife: yeah i mean i said krakens were spooky earlier
 47158 | Shoals:1 | CougarLife: i only beat him with like 20 invoc and smiting
                  | him a couple times lol
 47158 | Shoals:1 | CougarLife: once or twice
 47158 | Shoals:1 | sleeves: also i didnt know but they reworked yel
 47158 | Shoals:1 | sleeves: its awful
 47208 | Shoals:1 | CougarLife: yeah it looks trash
 47223 | Shoals:1 | CougarLife: thats why i didnt pick it up
 47241 | Shoals:1 | CougarLife: when we talked about it previously
 47261 | Shoals:1 | CougarLife: the magic gods all seem really shitty
 47264 | Shoals:1 | CougarLife: in comparison to oka/chei/trog
 47264 | Shoals:1 | sleeves: they are good
 47264 | Shoals:1 | CougarLife: sif and vehumet are absolute dogshit
 47264 | Shoals:1 | sleeves: sif gives free mana and prevents miscats and gives
                  | books
 47264 | Shoals:1 | CougarLife: they do literally nothing
 47264 | Shoals:1 | sleeves: its massive actually
 47264 | Shoals:1 | CougarLife: sif does not prevent miscast
 47264 | Shoals:1 | CougarLife: unless its just not stated on the wiki
 47264 | Shoals:1 | sleeves: or the affects of it
 47264 | Shoals:1 | sleeves: oh that was removed
 47264 | Shoals:1 | CougarLife: yeah like i said theyre trash
 47264 | Shoals:1 | sleeves: hes still good
 47264 | Shoals:1 | CougarLife: copium
 47264 | Shoals:1 | sleeves: you can always just go gozag
 47268 | Shoals:1 | CougarLife: yeah thats what im saying like
 47288 | Shoals:1 | CougarLife: why would i want to go sif
 47292 | Shoals:1 | CougarLife: when i could go gozag lol
 47292 | Shoals:1 | CougarLife: gozag does so much more
 47292 | Shoals:1 | CougarLife: vehumet is the same story
 47292 | Shoals:1 | sleeves: well sif is just free mana basically and way more
                  | books
 47295 | Shoals:1 | CougarLife: free mana?
 47295 | Shoals:1 | CougarLife: you have to channel for the mana
 47324 | Shoals:2 | Found Ycappoyq's Assorted Antiques.
 47327 | Shoals:2 | CougarLife: thats trash
 47327 | Shoals:2 | CougarLife: vehumet gives you mana on kills
 47327 | Shoals:2 | CougarLife: but everything else they do is shit
 47327 | Shoals:2 | sleeves: sifs is better imo
 47327 | Shoals:2 | sleeves: you get way more super fast
 47327 | Shoals:2 | CougarLife: yeah but you have to channel
 47327 | Shoals:2 | CougarLife: how are you gonna do that in a fight
 47327 | Shoals:2 | sleeves: its more like you just activate it and it heals
                  | over time
 47327 | Shoals:2 | sleeves: you can still fight
 47327 | Shoals:2 | CougarLife: ohhhh
 47362 | Shoals:2 | CougarLife: idk
 47368 | Shoals:2 | CougarLife: i think the magic gods need a buff
 47463 | Shoals:2 | CougarLife: theyre dogshit in comparison to any others
 47498 | Shoals:2 | sleeves: i also used to think that
 47498 | Shoals:2 | sleeves: but after playing them a lot i think they are good
 47516 | Shoals:2 | Noticed Polyphemus
 47553 | Shoals:2 | Killed Polyphemus
 48087 | Shoals:2 | Identified the +8 chain mail of Kuwey {-Tele rN+ rCorr}
 48088 | Shoals:2 | CougarLife: elyv seems neat
 48116 | Shoals:2 | Noticed Ilsuiw
 48130 | Shoals:2 | Killed Ilsuiw
 48130 | Shoals:2 | Enslaved Ilsuiw
 48131 | Shoals:2 | sleeves: she can be but she does fall off
 48131 | Shoals:2 | sleeves: but i guess u can swap
 48131 | Shoals:2 | sleeves: to other good gods
 48138 | Shoals:2 | HP: 65/146 [merfolk javelineer/javelin[Ilsuiw] (27)]
 48143 | Shoals:2 | HP: 55/146 [merfolk javelineer/javelin[Ilsuiw] (12)]
 48908 | Shoals:3 | Found a runed translucent gate.
 48908 | Shoals:3 | Found a runed translucent gate.
 48908 | Shoals:3 | Found a runed translucent gate.
 48908 | Shoals:3 | Noticed Meod's ghost (adept MiBe)
 48909 | Shoals:3 | Noticed Jafont's ghost (journeyman HOFE)
 49054 | Shoals:3 | CougarLife: some of the jiyva unique muts seem crazy
 49064 | Shoals:3 | CougarLife: like the disarm
 49070 | Shoals:3 | sleeves: i havent played jivya in awhile but i remember i
                  | didnt like that she basically removed/added muts on a whim
 49070 | Shoals:3 | sleeves: so your super cool mut would just be gone
 49256 | Shoals:3 | Reached skill level 14 in Invocations
 49383 | Shoals:4 | Entered Level 4 of the Shoals
 49641 | Shoals:4 | Reached skill level 11 in Conjurations
 49641 | Shoals:4 | Reached skill level 11 in Hexes
 49641 | Shoals:4 | Reached skill level 11 in Summonings
 49641 | Shoals:4 | Reached skill level 11 in Necromancy
 49641 | Shoals:4 | Reached skill level 11 in Translocations
 49641 | Shoals:4 | Reached skill level 11 in Transmutations
 49641 | Shoals:4 | Reached skill level 11 in Fire Magic
 49641 | Shoals:4 | Reached skill level 11 in Ice Magic
 49641 | Shoals:4 | Reached skill level 11 in Air Magic
 49641 | Shoals:4 | Reached skill level 11 in Earth Magic
 49641 | Shoals:4 | Reached skill level 11 in Poison Magic
 49706 | Shoals:4 | Reached skill level 13 in Short Blades
 49706 | Shoals:4 | Reached skill level 13 in Long Blades
 49706 | Shoals:4 | Reached skill level 13 in Axes
 49706 | Shoals:4 | Reached skill level 13 in Maces & Flails
 49706 | Shoals:4 | Reached skill level 13 in Staves
 49706 | Shoals:4 | Reached skill level 13 in Ranged Weapons
 49706 | Shoals:4 | Reached skill level 13 in Throwing
 49706 | Shoals:4 | Reached skill level 13 in Armour
 49706 | Shoals:4 | Reached skill level 13 in Shields
 49706 | Shoals:4 | Reached skill level 13 in Unarmed Combat
 49706 | Shoals:4 | Reached skill level 13 in Spellcasting
 49706 | Shoals:4 | Reached skill level 13 in Evocations
 49713 | Shoals:4 | HP: 72/147 [merfolk javelineer/silver javelin (10)]
 49789 | Shoals:4 | HP: 73/147 [merfolk impaler/+1 trident of flaming (1)]
 50193 | Shoals:4 | HP: 65/147 [merfolk javelineer/javelin (17)]
 50254 | Shoals:4 | HP: 64/147 [merfolk impaler/+0 trident (11)]
 50358 | Shoals:3 | HP: 73/147 [merfolk/+0 trident of flaming[a merfolk
                  | impaler] (3)]
 50603 | Shoals:4 | Noticed Donald
 50612 | Shoals:4 | CougarLife: holy shit
 50612 | Shoals:4 | CougarLife: zin is nuts
 50614 | Shoals:4 | Killed Donald
 50616 | Shoals:4 | CougarLife: vitalization is just juiced up heroism
 50718 | Shoals:4 | sleeves: he is kinda crazy
 51023 | Shoals:4 | Noticed Mara
 51074 | Shoals:4 | HP: 67/147 [merfolk/boomerang (12)]
 51077 | Shoals:4 | Noticed sleeves's illusion
 51080 | Shoals:4 | Killed Mara
 51090 | Shoals:4 | HP: 68/147 [alligator snapping turtle (15)]
 51353 | Shoals:4 | Reached skill level 16 in Stealth
 51440 | Shoals:4 | CougarLife: idk i kinda wanna delve into fire magic
 51442 | Shoals:4 | CougarLife: casters r hard tho
 51444 | Shoals:4 | sleeves: its just a slower pace
 51444 | Shoals:4 | sleeves: and a bit more patience
 51523 | Shoals:4 | CougarLife: yeah and having to juggle training between
                  | schools
 51542 | Shoals:4 | CougarLife: throughout progression
 51551 | Shoals:4 | Reached XP level 19. HP: 153/153 MP: 36/36
 51607 | Shoals:4 | CougarLife: melee is so much easier you just train your
                  | combat type and go
 51981 | Shoals:4 | Got a barnacled rune of Zot
 52027 | Shoals:4 | sleeves: yeah
 52078 | Shoals:4 | Reached skill level 14 in Polearms
 52078 | Shoals:4 | Reached skill level 14 in Dodging
 52562 | Snake:4  | CougarLife: alright its bed time, good luck chief
 53419 | Vaults:1 | Entered Level 1 of the Vaults
 53792 | Vaults:1 | Your ally Ilsuiw died
 54725 | Vaults:1 | HP: 76/154 [barbs]
 54730 | Vaults:1 | HP: 38/154 [barbs]
 54748 | Vaults:1 | HP: 52/154 [centaur warrior (7)]
 56181 | Vaults:1 | HP: 67/154 [poisoned by a dream sheep (poison gas)]
 56186 | Vaults:1 | HP: 37/154 [poisoned by a dream sheep (poison gas)]
 56191 | Vaults:1 | HP: 29/154 [poisoned by a dream sheep (poison gas)]
 56196 | Vaults:1 | HP: 25/154 [poisoned by a dream sheep (poison gas)]
 56596 | Vaults:2 | Reached skill level 15 in Fighting
 57188 | Vaults:1 | HP: 68/155 [dire elephant (15)]
 57987 | Vaults:1 | HP: 55/148 [yaktaur captain/bolt (24)]
 58040 | Vaults:1 | Reached skill level 15 in Invocations
 59061 | Vaults:2 | Reached XP level 20. HP: 131/162 MP: 37/37
 59869 | Vaults:2 | Reached skill level 14 in Short Blades
 59869 | Vaults:2 | Reached skill level 14 in Long Blades
 59869 | Vaults:2 | Reached skill level 14 in Axes
 59869 | Vaults:2 | Reached skill level 14 in Maces & Flails
 59869 | Vaults:2 | Reached skill level 14 in Staves
 59869 | Vaults:2 | Reached skill level 14 in Ranged Weapons
 59869 | Vaults:2 | Reached skill level 14 in Throwing
 59869 | Vaults:2 | Reached skill level 14 in Armour
 59869 | Vaults:2 | Reached skill level 14 in Shields
 59869 | Vaults:2 | Reached skill level 14 in Unarmed Combat
 59869 | Vaults:2 | Reached skill level 14 in Spellcasting
 59869 | Vaults:2 | Reached skill level 14 in Evocations
 60043 | Vaults:2 | Found a staircase to the Crypt.
 60703 | Vaults:3 | Reached skill level 12 in Conjurations
 60703 | Vaults:3 | Reached skill level 12 in Hexes
 60703 | Vaults:3 | Reached skill level 12 in Summonings
 60703 | Vaults:3 | Reached skill level 12 in Necromancy
 60703 | Vaults:3 | Reached skill level 12 in Translocations
 60703 | Vaults:3 | Reached skill level 12 in Transmutations
 60703 | Vaults:3 | Reached skill level 12 in Fire Magic
 60703 | Vaults:3 | Reached skill level 12 in Ice Magic
 60703 | Vaults:3 | Reached skill level 12 in Air Magic
 60703 | Vaults:3 | Reached skill level 12 in Earth Magic
 60703 | Vaults:3 | Reached skill level 12 in Poison Magic
 61367 | Vaults:3 | Noticed Zenata
 61397 | Vaults:3 | HP: 80/163 [+2 battleaxe of flaming[Zenata] (2)]
 61739 | Vaults:3 | Killed Zenata
 61751 | Vaults:3 | HP: 69/163 [orc knight/+3 battleaxe (30)]
 61770 | Vaults:3 | HP: 59/163 [orc warlord/+0 war axe (17)]
 62213 | Vaults:3 | Identified the +6 spear of Glory {vorpal, rC+ rN+ Str+2
                  | Int+3}
 62524 | Vaults:3 | Learned a level 3 spell: Mephitic Cloud
 62714 | Vaults:3 | Reached skill level 15 in Polearms
 62714 | Vaults:3 | Reached skill level 15 in Dodging
 62949 | Vaults:3 | HP: 62/163 [lindwurm/blast of flame[a glowing orange brain]
                  | (33)]
 62954 | Vaults:3 | HP: 44/163 [ironbound preserver/+0 dire flail (15)]
 63442 | Vaults:3 | Reached skill level 17 in Stealth
 63459 | Vaults:3 | HP: 75/164 [crystal guardian/crystal bolt[a peacekeeper]
                  | (21)]
 63474 | Vaults:3 | HP: 78/164 [ettin/+0 dire flail (2)]
 63523 | Vaults:3 | HP: 60/164 [ettin/+0 dire flail (26)]
 64265 | Vaults:3 | Found a transporter.
 64265 | Vaults:3 | Found a transporter.
 65020 | Vaults:4 | Identified the +1 broad axe of Terra Cotta {venom, Stlth+}
 65064 | Vaults:4 | Noticed Aizul
 65085 | Vaults:4 | HP: 77/164 [ironbound frostheart/creeping frost (26)]
 65085 | Vaults:4 | Killed Aizul
 65085 | Vaults:4 | HP: 11/154 [tengu reaver/bolt of negative energy (41)]
 65497 | Vaults:4 | Reached XP level 21. HP: 96/162 MP: 39/39
 65722 | Vaults:4 | Learned a level 3 spell: Ignite Poison
 67040 | Vaults:4 | HP: 71/170 [cyan very ugly thing (18)]
 68527 | Elf:1    | Entered Level 1 of the Elven Halls
 68537 | Elf:1    | Paralysed by an air elemental for 1 turns
 68543 | Elf:1    | Paralysed by an air elemental for 1 turns
 68548 | Elf:1    | Paralysed by an air elemental for 1 turns
 68549 | Elf:1    | HP: 85/170 [poisoned by a +0 short sword of venom]
 68554 | Elf:1    | HP: 59/170 [poisoned by a +0 short sword of venom]
 68559 | Elf:1    | HP: 45/170 [poisoned by a +0 short sword of venom]
 68575 | Orc:2    | HP: 38/170 [poisoned by a +0 short sword of venom]
 68580 | Orc:2    | HP: 36/170 [poisoned by a +0 short sword of venom]
 68956 | Orc:2    | Learned a level 6 spell: Statue Form
 69541 | Elf:1    | Reached skill level 16 in Fighting
 69541 | Elf:1    | Reached skill level 16 in Invocations
 70039 | Elf:1    | Noticed Nikola
 70056 | Elf:1    | HP: 88/221 [Nikola/arc of chain lightning (64)]
 70057 | Elf:1    | Killed Nikola
 70057 | Elf:1    | Enslaved Nikola
 70731 | Elf:1    | Paralysed by an air elemental for 1 turns
 70742 | Elf:1    | Paralysed by an air elemental for 1 turns
 70897 | Elf:1    | Found Kiroudao's Book Emporium.
 70897 | Elf:1    | Found Teamno's Jewellery Shop.
 70898 | Elf:1    | Found Xestog's Jewellery Shop.
 70912 | Elf:1    | Bought a ring of the Octopus King {rF+ HP+2 AC+2 EV+2 SH+2}
                  | for 1105 gold pieces
 70912 | Elf:1    | Found the ring of the Octopus King {rF+ HP+2 AC+2 EV+2
                  | SH+2}
 71249 | Elf:1    | Got Ereshkigal's Compilation of the Mortuary
 71716 | Elf:2    | Your ally Nikola died
 71761 | Elf:2    | Reached skill level 15 in Short Blades
 71761 | Elf:2    | Reached skill level 15 in Long Blades
 71761 | Elf:2    | Reached skill level 15 in Axes
 71761 | Elf:2    | Reached skill level 15 in Maces & Flails
 71761 | Elf:2    | Reached skill level 15 in Staves
 71761 | Elf:2    | Reached skill level 15 in Ranged Weapons
 71761 | Elf:2    | Reached skill level 15 in Throwing
 71761 | Elf:2    | Reached skill level 15 in Armour
 71761 | Elf:2    | Reached skill level 15 in Shields
 71761 | Elf:2    | Reached skill level 15 in Unarmed Combat
 71761 | Elf:2    | Reached skill level 15 in Spellcasting
 71761 | Elf:2    | Reached skill level 15 in Evocations
 72707 | Elf:2    | Found a runed translucent gate.
 72707 | Elf:2    | Found a runed translucent gate.
 72707 | Elf:2    | Found a runed translucent gate.
 73514 | Elf:3    | Entered Level 3 of the Elven Halls
 73596 | Elf:3    | Found a frozen archway.
 73983 | Elf:3    | Reached skill level 13 in Conjurations
 73983 | Elf:3    | Reached skill level 13 in Hexes
 73983 | Elf:3    | Reached skill level 13 in Summonings
 73983 | Elf:3    | Reached skill level 13 in Necromancy
 73983 | Elf:3    | Reached skill level 13 in Translocations
 73983 | Elf:3    | Reached skill level 13 in Transmutations
 73983 | Elf:3    | Reached skill level 13 in Fire Magic
 73983 | Elf:3    | Reached skill level 13 in Ice Magic
 73983 | Elf:3    | Reached skill level 13 in Air Magic
 73983 | Elf:3    | Reached skill level 13 in Earth Magic
 73983 | Elf:3    | Reached skill level 13 in Poison Magic
 74024 | Elf:3    | Reached XP level 22. HP: 179/179 MP: 41/41
 74092 | Elf:3    | Paralysed by an air elemental for 1 turns
 74175 | Elf:3    | Identified the +1 plate armour of Polish {Rampage rCorr
                  | Str+5}
 74468 | Elf:3    | HP: 104/235 [deep elf high priest/damnation (23)]
 74481 | Elf:3    | HP: 54/181 [deep elf sorcerer/damnation (31)]
 74826 | Elf:3    | HP: 113/235 [deep elf sorcerer/bolt of acid (33)]
 74829 | Elf:3    | HP: 13/181 [deep elf sorcerer/bolt of acid (44)]
 74831 | Elf:3    | Reached skill level 16 in Polearms
 74831 | Elf:3    | Reached skill level 16 in Dodging
 75693 | Elf:3    | Identified the ring of Kadeosuf {MP+9 AC+4}
 76184 | Elf:3    | HP: 86/182 [???[a deep elf demonologist] (84)]
 76480 | Elf:3    | Identified the +1 ring mail "Letiotsy" {rC++ rN+}
 76486 | Elf:3    | HP: 80/176 [deep elf death mage/bolt of negative energy
                  | (23)]
 77630 | Elf:3    | Found the +8 longbow "Zephyr" {speed, Dex+3 SInv}
 78041 | Depths:1 | Entered Level 1 of the Depths
 78257 | Depths:1 | Identified the +8 chain mail "Umoxky" {Drain rF++ Slay+5}
 78275 | Depths:1 | CougarLife: how is the gnoll going
 78281 | Depths:1 | sleeves: awful until now
 78281 | Depths:1 | sleeves: just found this armor
 78281 | Depths:1 | CougarLife: show
 78281 | Depths:1 | CougarLife: oh i see it
 78281 | Depths:1 | CougarLife: shjeeeeeeeeeesh
 78281 | Depths:1 | CougarLife: rf++ slay5
 78291 | Depths:1 | CougarLife: man gnolls seem like such a cool race to play
                  | as
 78291 | Depths:1 | CougarLife: having skill in everything
 78291 | Depths:1 | CougarLife: can be a caster that fuckin throws boomerangs
                  | and cleaves mfs
 78291 | Depths:1 | CougarLife: ive always wanted to do a Ru gnoll run
 78291 | Depths:1 | sleeves: yeah dooo it
 78291 | Depths:1 | sleeves: gnolls just let you play the game
 78291 | Depths:1 | sleeves: with w.e
 78303 | Depths:1 | CougarLife: yeah ik
 78303 | Depths:1 | CougarLife: i wanna do like
 78370 | Depths:1 | CougarLife: a triple sword gnoll run
 78380 | Depths:1 | CougarLife: thats also casting shit
 78492 | Depths:1 | Reached skill level 18 in Stealth
 78567 | Depths:1 | Found a broken altar of Ashenzari.
 78761 | Depths:1 | HP: 90/180 [ettin/+0 dire flail (16)]
 78765 | Depths:1 | CougarLife: this is gettin spooky
 80454 | Depths:1 | Found a gateway to Hell.
 80633 | Depths:2 | Reached skill level 17 in Invocations
 80934 | Depths:2 | HP: 90/182 [constriction (7)]
 80944 | Depths:2 | HP: 71/182 [storm dragon/bolt of lightning (8)]
 80962 | Depths:2 | HP: 69/182 [storm dragon/bolt of lightning (7)]
 81748 | Depths:2 | Found a runed translucent door.
 81752 | Depths:2 | Found a runed translucent door.
 81752 | Depths:2 | Found a runed translucent door.
 81773 | Depths:2 | HP: 73/182 [flayed ghost/flay_damage (23)]
 81777 | Depths:2 | Reached skill level 17 in Fighting
 82043 | Depths:2 | Found a one-way gate leading to the halls of Pandemonium.
 82502 | Depths:2 | Reached XP level 23. HP: 187/187 MP: 42/42
 82658 | Depths:2 | HP: 86/189 [fire giant/+2 great sword of flaming (22)]
 83067 | Depths:2 | Identified the +0 glaive "Cuvugh" {venom, rPois rF+ SInv
                  | Stlth+}
 83218 | Depths:2 | Found a shimmering altar of Xom.
 83297 | Depths:3 | Found a magical portal.
 83325 | Depths:3 | Reached skill level 16 in Short Blades
 83325 | Depths:3 | Reached skill level 16 in Long Blades
 83325 | Depths:3 | Reached skill level 16 in Axes
 83325 | Depths:3 | Reached skill level 16 in Maces & Flails
 83325 | Depths:3 | Reached skill level 16 in Staves
 83325 | Depths:3 | Reached skill level 16 in Ranged Weapons
 83325 | Depths:3 | Reached skill level 16 in Throwing
 83325 | Depths:3 | Reached skill level 16 in Armour
 83325 | Depths:3 | Reached skill level 16 in Shields
 83325 | Depths:3 | Reached skill level 16 in Unarmed Combat
 83325 | Depths:3 | Reached skill level 16 in Spellcasting
 83325 | Depths:3 | Reached skill level 16 in Evocations
 83345 | WizLab   | Entered Iskenderun's Mystic Tower
 84651 | WizLab   | Got Iskenderun's Textbook on Arcane Weapons
 84910 | Depths:3 | Reached skill level 19 in Stealth
 84955 | Depths:3 | Noticed Jory
 84955 | Depths:3 | You fall into a shaft and drop 1 floor!
 84955 | Depths:4 | Entered Level 4 of the Depths
 85267 | Depths:3 | Noticed Vv
 86229 | Depths:4 | Found a gate to the Realm of Zot.
 86255 | Depths:4 | Reached skill level 17 in Polearms
 86255 | Depths:4 | Reached skill level 17 in Dodging
 86262 | Depths:4 | Reached skill level 14 in Conjurations
 86262 | Depths:4 | Reached skill level 14 in Hexes
 86262 | Depths:4 | Reached skill level 14 in Summonings
 86262 | Depths:4 | Reached skill level 14 in Necromancy
 86262 | Depths:4 | Reached skill level 14 in Translocations
 86262 | Depths:4 | Reached skill level 14 in Transmutations
 86262 | Depths:4 | Reached skill level 14 in Fire Magic
 86262 | Depths:4 | Reached skill level 14 in Ice Magic
 86262 | Depths:4 | Reached skill level 14 in Air Magic
 86262 | Depths:4 | Reached skill level 14 in Earth Magic
 86262 | Depths:4 | Reached skill level 14 in Poison Magic
 86564 | Depths:3 | HP: 79/190 [Vv (25)]
 87365 | Depths:3 | Found a one-way gateway to a ziggurat.
 87498 | Depths:3 | Found a one-way gate to the infinite horrors of the Abyss.
 87566 | Depths:3 | Got the Compilation of Elsewhere and Command
 87611 | Depths:3 | HP: 91/190 [iron troll (17)]
 87915 | Depths:3 | Killed Vv
 88264 | Depths:3 | Noticed Mennas
 88313 | Depths:3 | HP: 93/190 [Mennas/+2 trishula of holy wrath (10)]
 88317 | Depths:3 | Killed Mennas
 88583 | Depths:3 | HP: 91/191 [vampire knight/vampiric draining (16)]
 88902 | Depths:3 | Reached skill level 18 in Invocations
 88902 | Depths:3 | Reached XP level 24. HP: 197/197 MP: 0/43
 89121 | Depths:3 | Killed Jory
 89128 | Depths:3 | HP: 97/199 [vampire knight/vampiric draining (11)]
 89133 | Depths:3 | HP: 82/199 [vampire knight/vampiric draining (17)]
 89413 | Depths:3 | Got the Precepts of the Spatial Throng
 90087 | Depths:4 | sleeves: yeah
 90087 | Depths:4 | sleeves: idk this god is very bad
 90640 | Vaults:3 | Identified the ring of Checkmate {rF+ Int+3}
 90656 | Vaults:3 | Identified the +2 helmet of New Discoveries {Stlth+}
 90741 | Vaults:5 | Entered Level 5 of the Vaults
 90755 | Vaults:5 | HP: 89/199 [vault guard/+0 battleaxe (13)]
 90760 | Vaults:4 | HP: 60/199 [vault guard/+0 battleaxe (9)]
 91188 | Vaults:4 | Reached skill level 20 in Stealth
 91392 | Vaults:5 | Noticed a dread lich
 91409 | Vaults:4 | HP: 84/173 [shadow dragon/bolt of negative energy (58)]
 91414 | Vaults:4 | HP: 77/173 [constriction (9)]
 91419 | Vaults:4 | HP: 63/169 [shadow dragon/bolt of negative energy (15)]
 92049 | Vaults:4 | Paralysed by something for 3 turns
 92063 | Vaults:4 | HP: 77/154 [hell beast[a dread lich] (5)]
 92438 | Vaults:4 | HP: 58/151 [tengu reaver/bolt of acid (27)]
 92731 | Vaults:4 | HP: 70/157 [titan/the air (14)]
 92737 | Vaults:4 | HP: 66/157 [titan/the air (1)]
 92743 | Vaults:4 | HP: 59/159 [tengu reaver/bolt of lightning (1)]
 92749 | Vaults:4 | Reached skill level 18 in Fighting
 93905 | D:5      | Acquired the +2 hat of the Desolation of Salt {rF- rN+++
                  | SInv Stlth+}
 94246 | Vaults:4 | Acquired 1014 gold pieces
 94316 | Vaults:4 | Reached skill level 17 in Short Blades
 94316 | Vaults:4 | Reached skill level 17 in Long Blades
 94316 | Vaults:4 | Reached skill level 17 in Axes
 94316 | Vaults:4 | Reached skill level 17 in Maces & Flails
 94316 | Vaults:4 | Reached skill level 17 in Staves
 94316 | Vaults:4 | Reached skill level 17 in Ranged Weapons
 94316 | Vaults:4 | Reached skill level 17 in Throwing
 94316 | Vaults:4 | Reached skill level 17 in Armour
 94316 | Vaults:4 | Reached skill level 17 in Shields
 94316 | Vaults:4 | Reached skill level 17 in Unarmed Combat
 94316 | Vaults:4 | Reached skill level 17 in Spellcasting
 94316 | Vaults:4 | Reached skill level 17 in Evocations
 94463 | Vaults:4 | HP: 89/179 [quicksilver dragon/bolt of dispelling energy
                  | (11)]
 94469 | Vaults:4 | HP: 73/179 [storm dragon/bolt of lightning (6)]
 94474 | Vaults:4 | HP: 60/182 [storm dragon (9)]
 94903 | Vaults:5 | Noticed a dread lich
 94927 | Vaults:5 | HP: 95/194 [ettin/+0 great mace (29)]
 94932 | Vaults:5 | HP: 87/194 [poisoned by a tengu reaver (bolt of poison)]
 94943 | Vaults:5 | HP: 81/195 [tengu reaver/+3 great sword of protection (8)]
 94948 | Vaults:5 | HP: 66/196 [ironbound frostheart/creeping frost[a vault
                  | warden] (4)]
 94955 | Vaults:5 | HP: 54/196 [ironbound frostheart/creeping frost[a vault
                  | warden] (2)]
 94962 | Vaults:5 | HP: 59/197 [deep elf high priest/divine providence (12)]
 95908 | Vaults:5 | Found Inamasi's General Store.
 96046 | Vaults:5 | Noticed a dread lich
 96050 | Vaults:5 | Noticed an ancient lich
 96260 | Vaults:5 | Got the Volume of Firn and Adjuration
 96264 | Vaults:5 | Got a silver rune of Zot
 96328 | Vaults:5 | Found the +3 hat of Pondering {ponderous, Will+ MP+10
                  | Int+5}
 96354 | Vaults:5 | Identified the +0 pair of gloves of the Original Sin {Will-
                  | Int+3 Dex+6}
 96462 | Vaults:5 | HP: 60/200 [ancient lich/bolt of acid (63)]
 96465 | Vaults:5 | Killed an ancient lich
 96466 | Vaults:5 | Reached XP level 25. HP: 63/204 MP: 44/44
 96894 | Vaults:5 | Killed a dread lich
 96924 | Vaults:5 | Killed a dread lich
 97192 | Crypt:1  | Entered Level 1 of the Crypt
 97202 | Crypt:1  | HP: 91/207 [??? (47)]
 97212 | Crypt:1  | HP: 97/207 [mirror damage (4)]
 97223 | Crypt:1  | HP: 75/207 [flayed ghost/flay_damage[a death knight] (23)]
 97485 | Crypt:1  | Found a transporter.
 97489 | Crypt:1  | Noticed Houmnergh's ghost (master GnTm)
 97492 | Crypt:1  | Found a transporter.
 97494 | Crypt:1  | Noticed a dread lich
 97675 | Crypt:1  | Identified the +4 falchion of the Ten Wonders {drain,
                  | Str+3}
 98306 | Crypt:1  | Noticed Houmnergh's ghost (master GnTm)
 98600 | Crypt:2  | HP: 96/207 [flayed ghost/flay_damage[a curse skull] (30)]
 98607 | Crypt:2  | HP: 81/207 [??? (42)]
 99220 | Crypt:2  | Reached skill level 18 in Polearms
 99220 | Crypt:2  | Reached skill level 18 in Dodging
 99444 | Crypt:2  | HP: 91/207 [???[a doom hound] (46)]
 99451 | Crypt:2  | Reached skill level 21 in Stealth
 99805 | Crypt:2  | HP: 103/207 [putrid mouth[a doom hound] (1)]
100304 | Crypt:2  | HP: 90/207 [??? (46)]
100305 | Crypt:2  | HP: 41/207 [??? (20)]
100313 | Crypt:2  | HP: 25/207 [flayed ghost/flay_damage[a curse skull] (6)]
100735 | Crypt:2  | HP: 91/207 [??? (46)]
101090 | Crypt:1  | Reached skill level 19 in Invocations
101772 | Crypt:3  | Entered Level 3 of the Crypt
101856 | Crypt:3  | Reached skill level 18 in Short Blades
101856 | Crypt:3  | Reached skill level 18 in Armour
101856 | Crypt:3  | Reached skill level 15 in Conjurations
101856 | Crypt:3  | Reached skill level 15 in Hexes
101856 | Crypt:3  | Reached skill level 15 in Summonings
101856 | Crypt:3  | Reached skill level 15 in Necromancy
101856 | Crypt:3  | Reached skill level 15 in Translocations
101856 | Crypt:3  | Reached skill level 15 in Transmutations
101856 | Crypt:3  | Reached skill level 15 in Fire Magic
101856 | Crypt:3  | Reached skill level 15 in Ice Magic
101856 | Crypt:3  | Reached skill level 15 in Air Magic
101856 | Crypt:3  | Reached skill level 15 in Earth Magic
101856 | Crypt:3  | Reached skill level 15 in Poison Magic
102235 | Crypt:3  | Found a staircase to the Tomb.
102519 | Crypt:3  | HP: 91/208 [??? (47)]
102543 | Crypt:3  | HP: 88/208 [ancient champion/iron shot (13)]
103448 | Crypt:3  | Identified the +6 whip "Pyma" {drain, Fly}
103487 | Crypt:3  | Noticed an ancient lich
103487 | Crypt:3  | Noticed an ancient lich
103810 | Crypt:2  | Killed an ancient lich
104070 | Crypt:3  | Killed an ancient lich
104222 | Crypt:3  | Got Yriari's Directory of the Mortuary
105002 | Snake:4  | Learned a level 7 spell: Enfeeble
105010 | Snake:4  | Learned a level 7 spell: Summon Hydra
105018 | Snake:4  | Learned a level 7 spell: Malign Gateway
105024 | Snake:4  | Learned a level 5 spell: Summon Mana Viper
105512 | Vaults:5 | Learned a level 7 spell: Spellforged Servitor
105520 | Vaults:5 | Learned a level 6 spell: Iron Shot
105529 | Vaults:5 | Learned a level 6 spell: Dispersal
106477 | Zot:1    | Entered Level 1 of the Realm of Zot
107369 | Zot:1    | HP: 114/244 [green draconian monk[a white draconian
                  | stormcaller] (11)]
107370 | Zot:1    | HP: 41/244 [quicksilver dragon/bolt of dispelling energy
                  | (55)]
107373 | Zot:1    | HP: 18/188 [quicksilver dragon (10)]
108150 | Lair:5   | Entered Level 5 of the Lair of Beasts
108219 | Lair:5   | Found a viscous altar of Jiyva.
108219 | Lair:5   | Found a staircase to the Slime Pits.
108271 | Lair:5   | Reached XP level 26. HP: 199/199 MP: 44/44
108400 | Lair:5   | Reached skill level 18 in Long Blades
108400 | Lair:5   | Reached skill level 18 in Axes
108400 | Lair:5   | Reached skill level 18 in Maces & Flails
108400 | Lair:5   | Reached skill level 18 in Staves
108400 | Lair:5   | Reached skill level 18 in Ranged Weapons
108400 | Lair:5   | Reached skill level 18 in Throwing
108400 | Lair:5   | Reached skill level 18 in Shields
108400 | Lair:5   | Reached skill level 18 in Unarmed Combat
108400 | Lair:5   | Reached skill level 18 in Spellcasting
108400 | Lair:5   | Reached skill level 18 in Evocations
108651 | Lair:5   | Reached skill level 19 in Fighting
108772 | Lair:5   | Identified the +0 robe of the Gardener {rPois Str-3 Dex+5
                  | Slay+4}
109149 | Lair:5   | Found a runed translucent door.
109431 | Slime:1  | Entered Level 1 of the Pits of Slime
109460 | Slime:1  | HP: 105/217 [acid (8)]
109860 | Orc:1    | Bought a ring of resist corrosion for 240 gold pieces
110868 | Slime:1  | Reached skill level 19 in Short Blades
110868 | Slime:1  | Reached skill level 19 in Armour
110868 | Slime:1  | Reached skill level 22 in Stealth
111330 | Slime:2  | Gained mutation: Your spells are a little easier to cast,
                  | but a little less powerful. [a shining eye]
111332 | Slime:2  | Gained mutation: Your spells are easier to cast, but less
                  | powerful. [a shining eye]
112375 | Slime:5  | Entered Level 5 of the Pits of Slime
114071 | Slime:5  | Noticed the Royal Jelly
114072 | Slime:5  | Found a viscous altar of Jiyva.
114097 | Slime:5  | Killed the Royal Jelly
114097 | Slime:5  | Enslaved the Royal Jelly
114114 | Slime:5  | HP: 135/282 [the Royal Jelly the bound jelly (24)]
114119 | Slime:5  | Gained mutation: You have supernaturally acute eyesight.
                  | (SInv) [a shining eye]
114394 | Slime:5  | Gained mutation: You are dopey. (Int -2) [a shining eye]
114397 | Slime:5  | Gained mutation: Your magical capacity is low. (-10% MP) [a
                  | shining eye]
114592 | Slime:5  | Identified the ring "Facsig" {rElec rF+ Will+ MP+9 Dex+3}
114595 | Slime:5  | Lost mutation: You are dopey. (Int -2) [potion of mutation]
114595 | Slime:5  | Lost mutation: Your spells are easier to cast, but less
                  | powerful. [potion of mutation]
114595 | Slime:5  | Lost mutation: Your spells are a little easier to cast, but
                  | a little less powerful. [potion of mutation]
114595 | Slime:5  | Gained mutation: You are weak. (Str -2) [potion of
                  | mutation]
114595 | Slime:5  | Gained mutation: You possess an exceptional clarity of
                  | mind. [potion of mutation]
114596 | Slime:5  | Lost mutation: You have supernaturally acute eyesight.
                  | (SInv) [potion of mutation]
114596 | Slime:5  | Lost mutation: Your magical capacity is low. (-10% MP)
                  | [potion of mutation]
114596 | Slime:5  | Lost mutation: You are weak. (Str -2) [potion of mutation]
114596 | Slime:5  | Gained mutation: You are robust. (+10% HP) [potion of
                  | mutation]
114640 | Slime:5  | Identified the +5 chain mail of Howling Wind {Dex+2}
114649 | Slime:5  | Got the Catalogue of the Penguin
114652 | Slime:5  | Identified the ring of Uvahefe {rN+ SInv}
114675 | Slime:5  | Got the Collected Works on Cunning Production
114686 | Slime:5  | Identified the ring of the Open Hand {Fire rPois Str+7
                  | Int-4 Stlth+}
114712 | Slime:5  | Got a slimy rune of Zot
115533 | D:13     | Learned a level 8 spell: Necromutation
115942 | Zot:1    | Reached skill level 20 in Invocations
115963 | Zot:1    | Noticed an orb of fire
115974 | Zot:1    | HP: 109/237 [orb of fire/bolt of fire (26)]
115975 | Zot:1    | Killed an orb of fire
115976 | Zot:1    | Reached skill level 19 in Polearms
115976 | Zot:1    | Reached skill level 19 in Dodging
115987 | Zot:1    | HP: 106/237 [storm dragon/bolt of lightning (4)]
116029 | Zot:1    | HP: 108/237 [poisoned by a green draconian (blast of
                  | poison)]
116034 | Zot:1    | HP: 106/237 [poisoned by a green draconian (blast of
                  | poison)]
116424 | Zot:1    | HP: 118/237 [black draconian knight/bolt of lightning (10)]
116431 | Zot:1    | HP: 95/237 [golden dragon/bolt of fire (15)]
116438 | Zot:1    | HP: 67/237 [acid[a black draconian knight] (9)]
117286 | D:5      | Bought a scroll of brand weapon for 133 gold pieces
117286 | D:5      | Bought a scroll of teleportation for 42 gold pieces
117291 | D:5      | Bought a potion of resistance for 140 gold pieces
117291 | D:5      | Bought a potion of haste for 140 gold pieces
117291 | D:5      | Bought a potion of heal wounds for 70 gold pieces
117291 | D:5      | Bought a potion of haste for 140 gold pieces
117291 | D:5      | Bought a potion of brilliance for 56 gold pieces
117291 | D:5      | Bought a potion of curing for 42 gold pieces
117291 | D:5      | Bought a potion of curing for 42 gold pieces
117295 | D:5      | Bought a scroll of enchant armour for 105 gold pieces
117295 | D:5      | Bought a scroll of enchant weapon for 105 gold pieces
117295 | D:5      | Bought a scroll of magic mapping for 105 gold pieces
117295 | D:5      | Bought a scroll of magic mapping for 105 gold pieces
117459 | Orc:2    | Bought a potion of heal wounds for 75 gold pieces
117459 | Orc:2    | Bought a potion of haste for 150 gold pieces
117459 | Orc:2    | Bought a potion of mutation for 120 gold pieces
117459 | Orc:2    | Bought a potion of mutation for 120 gold pieces
117473 | Orc:2    | Bought a scroll of blinking for 90 gold pieces
117473 | Orc:2    | Bought a potion of resistance for 120 gold pieces
117473 | Orc:2    | Bought a scroll of enchant armour for 90 gold pieces
117473 | Orc:2    | Bought a scroll of enchant weapon for 90 gold pieces
118865 | Zot:2    | Reached XP level 27. HP: 207/244 MP: 19/45
119158 | Zot:2    | HP: 105/244 [white draconian/blast of cold (18)]
119159 | Zot:2    | Reached skill level 20 in Short Blades
119159 | Zot:2    | Reached skill level 20 in Armour
119216 | Zot:2    | HP: 58/244 [yellow draconian/glob of acid[a green draconian
                  | monk] (17)]
119958 | Zot:2    | You fall into a shaft and drop 2 floors!
119993 | Zot:5    | Entered Level 5 of the Realm of Zot
120018 | Zot:5    | Reached skill level 16 in Conjurations
120018 | Zot:5    | Reached skill level 16 in Hexes
120018 | Zot:5    | Reached skill level 16 in Summonings
120018 | Zot:5    | Reached skill level 16 in Necromancy
120018 | Zot:5    | Reached skill level 16 in Translocations
120018 | Zot:5    | Reached skill level 16 in Transmutations
120018 | Zot:5    | Reached skill level 16 in Fire Magic
120018 | Zot:5    | Reached skill level 16 in Ice Magic
120018 | Zot:5    | Reached skill level 16 in Air Magic
120018 | Zot:5    | Reached skill level 16 in Earth Magic
120018 | Zot:5    | Reached skill level 16 in Poison Magic
120173 | Zot:4    | Reached skill level 23 in Stealth
121406 | Zot:3    | Identified the +6 long sword of Hapueqae {vamp, rElec}
121720 | Zot:3    | Found a runed translucent door.
121720 | Zot:3    | Noticed ShutUppercut's ghost (legendary DsGl)
122049 | Zot:4    | HP: 113/246 [purple draconian shifter/bolt of dispelling
                  | energy (21)]
122158 | Zot:4    | Reached skill level 19 in Long Blades
122158 | Zot:4    | Reached skill level 19 in Axes
122158 | Zot:4    | Reached skill level 19 in Maces & Flails
122158 | Zot:4    | Reached skill level 19 in Staves
122158 | Zot:4    | Reached skill level 19 in Ranged Weapons
122158 | Zot:4    | Reached skill level 19 in Throwing
122158 | Zot:4    | Reached skill level 19 in Shields
122158 | Zot:4    | Reached skill level 19 in Unarmed Combat
122158 | Zot:4    | Reached skill level 19 in Spellcasting
122158 | Zot:4    | Reached skill level 19 in Evocations
122621 | Zot:4    | HP: 113/246 [something (16)]
123061 | Zot:4    | Reached skill level 20 in Fighting
124746 | Zot:5    | Reached skill level 21 in Short Blades
124746 | Zot:5    | Reached skill level 21 in Armour
125234 | Zot:5    | Noticed an orb of fire
125236 | Zot:5    | Noticed an ancient lich
125395 | Zot:5    | Noticed an orb of fire
125397 | Zot:5    | Noticed an orb of fire
125833 | Zot:5    | Gained mutation: You do not regenerate when monsters are
                  | visible. [an orb of fire]
125852 | Zot:5    | Killed an orb of fire
125989 | Zot:5    | Killed an orb of fire
126515 | Zot:5    | Killed an ancient lich
126623 | Zot:5    | Killed an orb of fire
126624 | Zot:5    | Reached skill level 21 in Invocations
126793 | Zot:5    | Reached skill level 24 in Stealth
127029 | Zot:5    | Noticed a dread lich
127033 | Zot:5    | Noticed an orb of fire
127223 | Zot:5    | HP: 120/246 [orb of fire/bolt of fire (17)]
127570 | Zot:5    | Killed a dread lich
127755 | Zot:5    | Killed an orb of fire
127756 | Zot:5    | Reached skill level 20 in Polearms
127756 | Zot:5    | Reached skill level 20 in Dodging
127868 | Zot:5    | Noticed an orb of fire
127894 | Zot:5    | Killed an orb of fire
128184 | Zot:5    | Noticed an orb of fire
128230 | Zot:5    | Killed an orb of fire
128406 | Zot:5    | Noticed an orb of fire
128429 | Zot:5    | Killed an orb of fire
128926 | Zot:5    | Noticed an orb of fire
128944 | Zot:5    | Killed an orb of fire
129273 | Zot:5    | Noticed a dread lich
129289 | Zot:5    | Killed a dread lich
129601 | Zot:5    | Got the Orb of Zot
129695 | Zot:5    | Reached skill level 22 in Short Blades
129695 | Zot:5    | Reached skill level 22 in Armour
130066 | D:15     | Lost mutation: You do not regenerate when monsters are
                  | visible. [potion of mutation]
130066 | D:15     | Lost mutation: You are robust. (+10% HP) [potion of
                  | mutation]
130066 | D:15     | Lost mutation: You possess an exceptional clarity of mind.
                  | [potion of mutation]
130066 | D:15     | Gained mutation: You have sharp toenails. [potion of
                  | mutation]
130066 | D:15     | Gained mutation: Your system is resistant to poisons.
                  | (rPois) [potion of mutation]
130202 | D:9      | Noticed Ulixuydd the pandemonium lord
130458 | D:$      | Escaped with the Orb!

Illustrated notes

Levels and vault maps discovered:
D:1:      scummos_arrival_simple_fountains, layout_basic,
          dreamdust_ecumenical_altar_grove
D:2:      layout_rooms, serial_shops, shop, minivault_24, minmay_3d_cube
D:3:      layout_basic, old_standard_altar, nicolae_overflow_ecumenical_swirl,
          trog_book
D:4:      layout_basic, nicolae_dithmenos_through_a_glass_darkly, minitemple,
          minmay_temple_entry_crystal_x
D:5:      gammafunk_cloud_chamber, layout_loops_ring, gammafunk_ghost_mausoleum,
          minmay_shop_grid_forest, chequers_serial_rivers_micro_d,
          ebering_dispersal_statue_hall
D:6:      layout_cave_pools, uniq_sigmund
D:7:      layout_basic, serial_demonic, serial_demonic_d, serial_demonic_c,
          serial_demonic_a, serial_demonic_e, serial_demonic_g,
          serial_demonic_b, minmay_puff, uniq_menkaure
D:8:      layout_loops_ring, david_lair_shrubbed
D:9:      layout_cave_pools, minmay_three_doors, uniq_harold
D:10:     nicolae_hexawheel, layout_gridville, uniq_josephine
D:11:     layout_gridville, david_orc_3, kennysheep_orc_sif_temple, uniq_erica,
          uniq_lodul
D:12:     layout_stronghold
D:13:     layout_irregular_city, grunt_vaults_entry_tiered, ebering_ghost_gozag,
          minmay_circle_x
D:14:     minmay_swirls_squares, layout_basic, hex_medium
D:15:     grunt_enter_depths_magical_seal, layout_loops_ring, tso_altar
Temple:   nicolae_temple_no_exploring_needed
Lair:1:   beast_lair_carwin_large_2, layout_regular_city,
          ebering_ghost_disaster_area, uniq_maggie
Lair:2:   layout_chaotic_city, elwin_shoals_entry_rocks, dummy_snake_entry,
          gauntlet_entry_generic, serial_bayou_pond_e, grunt_megastairs_3
Lair:3:   layout_cave_shapes, uniq_rupert
Lair:4:   layout_cellular_growth, wad_woods_03, infiniplex_staircase_pool,
          grunt_megastairs_1
Lair:5:   hangedman_lair_caniforms_friends, layout_long_grid, wormcave,
          slime_entry_1, lemuel_fruit_tree, grunt_megastairs_4
Shoals:1: layout_shoals, nicolae_shoals_circle_sea_wall
Shoals:2: layout_shoals, nicolae_stop_n_shop_1,
          nicolae_shoals_arrival_archipelago, uniq_ilsuiw, uniq_polyphemus
Shoals:3: layout_shoals, gammafunk_ghost_cemetery
Shoals:4: shoals_end_hangedman, layout_shoals, shoal_ilsuiw, uniq_donald,
          uniq_mara
Snake:1:  layout_honeycomb, gammafunk_ghost_arena
Snake:2:  layout_onion_interference, basic_altar
Snake:3:  layout_cave_town, uniq_azrael
Snake:4:  grunt_snake_rune_serpentine_throne, layout_cave_town
Slime:1:  layout_caves, nicolae_slime_phagocytosis
Slime:2:  layout_caves
Slime:3:  layout_caves
Slime:4:  layout_caves
Slime:5
Orc:1:    layout_caves, serial_shops, nicolae_shop_stone
Orc:2:    grunt_orc_cross, layout_caves, serial_shops, shop, uniq_urug
Elf:1:    elf_arrival_001, layout_loops_ring, minmay_elf_necromancy,
          minmay_shop_grove, uniq_nikola
Elf:2:    nicolae_elf_blades_crystal_corner, layout_gridlike
Elf:3:    minmay_elf_hall_not_hex, layout_geoelf_grid,
          portal_ice_cave_entry_ice_simulacra, chequers_big_river
Vaults:1: nicolae_vaults_yaktaur_gun_rack, ontoclasm_vaults_gateway,
          vaults_room_stairs_pillars, ontoclasm_vaults_misaligned, v_pattern_1,
          v_misc_30, ontoclasm_vaults_spin, nicolae_vaults_octagons,
          ontoclasm_vaults_hangar, v_misc_24, ontoclasm_vaults_pinch, v_misc_11,
          nicolae_vaults_hallways_thing, nicolae_vaults_diagonal_hallway_8,
          ontoclasm_vaults_decontamination, layout_vaults_ring, uniq_saint_roka
Vaults:2: v_misc_33, minmay_crypt_entry_simple_statues, v_misc_3,
          vaults_room_corners, v_misc_14, ontoclasm_vaults_chip,
          vaults_room_door_hall, nicolae_vaults_alarming,
          ontoclasm_vaults_loading_screen, layout_vaults_big_room, uniq_margery
Vaults:3: v_misc_12, v_misc_2, vaults_mumra_hex, grunt_vaults_hallway_short,
          v_misc_4, grunt_vaults_hallway_short, gammafunk_the_bubble
          [the_bubble_gammafunk_split], v_rooms_1, nicolae_vaults_network_star,
          nicolae_vaults_little_squares_4, ontoclasm_vaults_twist,
          nicolae_vaults_little_ls, nicolae_vaults_little_squares_1,
          vaults_room_semicircle, layout_vaults_omnicross, uniq_zenata
Vaults:4: vaults_dpeg_cross, vaults_dpeg_spiral,
          ontoclasm_vaults_loading_screen, v_misc_2, ontoclasm_vaults_bender,
          layout_vaults_quadrants, uniq_aizul
Vaults:5
Crypt:1:  layout_catacombs, nzn_ghost_randoct
Crypt:2:  layout_regular_city, minivault_4, beargit_elvish_explorers
Crypt:3:  david_glass_crypt, layout_chaotic_city, uniq_josephina
Depths:1: layout_gridlike, reono_crystal_passage, hell_entry,
          evilmike_ruin_ashenzari, serial_bayou_shore_b,
          roderic_lattice_octagonal_star
Depths:2: minmay_the_grid_four_pointed_star_mashed
          [minmay_the_grid_triangle_9x9_fully_insulated_deathbox,
          minmay_the_grid_triangle_9x9_corrupted_corridor,
          minmay_the_grid_triangle_9x9_alien,
          minmay_the_grid_triangle_9x9_empty,
          minmay_the_grid_prize_four_corners], layout_gridville,
          hangedman_coc_ice_floe, pan_entry, led_xom_imps,
          infiniplex_staircase_spiral
Depths:3: due_jory_tower, layout_gridville, enter_ziggurat_a,
          minmay_misc_feat_encased, abyss_entry, hell_entry,
          infiniplex_enter_wizlab_glasses, uniq_mennas, uniq_vv
Depths:4: grunt_zot_entry_funnels, layout_gridlike, serial_corexii_hall,
          corexii_hall_statues_l, corexii_hall_statues_deadend, hell_entry,
          grunt_ministairs_2
Zot:1:    layout_onion_interference, grunt_megastairs_5
Zot:2:    grunt_twist_and_shout, layout_cathedral_of_symmetry
Zot:3:    layout_basic, ebering_ghost_inner_flame
Zot:4:    lemuel_halls_of_wrath, layout_gridlike
Zot:5:    layout_gridlike

Skill      XL: |  1  2  3  4  5  6  7  8  9 10 11 12 13 14 15 16 17 18 19 20 21 22 23 24 25 26 27 |
---------------+----------------------------------------------------------------------------------+-----
Stealth        | 10 11 12 13 14 15 16 17 18 19 20 21 22 24 | 24.5
Invocations    | 1 2 3 4 5 6 7 8 10 11 12 13 14 15 16 17 18 19 20 21 | 21.4
Short Blades   | 1 2 3 5 6 7 8 9 10 11 12 13 14 15 16 17 18 19 22 | 22.0
Long Blades    | 1 2 3 5 6 7 8 9 10 11 12 13 14 15 16 17 18 19 | 19.8
Axes           | 1 2 3 5 6 7 8 9 10 11 12 13 14 15 16 17 18 19 | 19.8
Maces & Flails | 1 2 3 5 6 7 8 9 10 11 12 13 14 15 16 17 18 19 | 19.8
Staves         | 1 2 3 5 6 7 8 9 10 11 12 13 14 15 16 17 18 19 | 19.8
Ranged Weapons | 1 2 3 5 6 7 8 9 10 11 12 13 14 15 16 17 18 19 | 19.8
Throwing       | 1 2 3 5 6 7 8 9 10 11 12 13 14 15 16 17 18 19 | 19.8
Armour         | 1 2 3 5 6 7 8 9 10 11 12 13 14 15 16 17 18 19 22 | 22.0
Shields        | 1 2 3 5 6 7 8 9 10 11 12 13 14 15 16 17 18 19 | 19.8
Unarmed Combat | 1 2 3 5 6 7 8 9 10 11 12 13 14 15 16 17 18 19 | 19.8
Spellcasting   | 1 2 3 5 6 7 8 9 10 11 12 13 14 15 16 17 18 19 | 19.8
Evocations     | 1 2 3 5 6 7 8 9 10 11 12 13 14 15 16 17 18 19 | 19.8
Conjurations   | 1 2 3 4 5 6 7 8 9 10 11 12 13 14 15 16 | 16.9
Hexes          | 1 2 3 4 5 6 7 8 9 10 11 12 13 14 15 16 | 16.9
Summonings     | 1 2 3 4 5 6 7 8 9 10 11 12 13 14 15 16 | 16.9
Necromancy     | 1 2 3 4 5 6 7 8 9 10 11 12 13 14 15 16 | 16.9
Translocations | 1 2 3 4 5 6 7 8 9 10 11 12 13 14 15 16 | 16.9
Transmutations | 1 2 3 4 5 6 7 8 9 10 11 12 13 14 15 16 | 16.9
Fire Magic     | 1 2 3 4 5 6 7 8 9 10 11 12 13 14 15 16 | 16.9
Ice Magic      | 1 2 3 4 5 6 7 8 9 10 11 12 13 14 15 16 | 16.9
Air Magic      | 1 2 3 4 5 6 7 8 9 10 11 12 13 14 15 16 | 16.9
Earth Magic    | 1 2 3 4 5 6 7 8 9 10 11 12 13 14 15 16 | 16.9
Poison Magic   | 1 2 3 4 5 6 7 8 9 10 11 12 13 14 15 16 | 16.9
Polearms       | 5 6 7 8 9 10 11 12 13 14 15 16 17 18 19 20 | 20.2
Dodging        | 5 6 7 8 9 10 11 12 13 14 15 16 17 18 19 20 | 20.2
Fighting       | 7 8 9 10 11 12 13 14 15 16 17 18 19 20 | 20.7

Action                   |  1- 3 |  4- 6 |  7- 9 | 10-12 | 13-15 | 16-18 | 19-21 | 22-24 | 25-27 || total
-------------------------+-------+-------+-------+-------+-------+-------+-------+-------+-------++-------
Melee: Spear             |   118 |   123 |       |       |       |       |       |       |       ||   241
       Bite              |    11 |    18 |    25 |    63 |   193 |   155 |   409 |   406 |   553 ||  1833
       Punch             |     2 |     5 |     4 |       |       |       |       |       |       ||    11
       Whip              |       |   119 |   136 |       |       |       |       |       |       ||   255
       Dagger            |       |       |     3 |    49 |    43 |    27 |     7 |     2 |       ||   131
       Halberd           |       |       |    74 |   107 |       |       |       |       |       ||   181
       Long sword        |       |       |       |    28 |       |       |       |       |       ||    28
       Trident           |       |       |       |   419 |   526 |       |       |       |       ||   945
       Scimitar          |       |       |       |       |    12 |       |       |       |       ||    12
       Flail             |       |       |       |       |   573 |   933 |  1907 |  1768 |   622 ||  5803
       Quick blade       |       |       |       |       |       |       |       |    49 |  1052 ||  1101
       Broad axe         |       |       |       |       |       |       |       |       |   837 ||   837
 Fire: Sling             |       |       |    59 |       |   261 |    94 |     7 |       |       ||   421
Throw: Boomerang         |       |       |     2 |    13 |    53 |    22 |   112 |   247 |   123 ||   572
       Dart              |       |       |       |       |     8 |       |     2 |       |       ||    10
       Javelin           |       |       |       |       |       |       |     9 |       |    36 ||    45
 Cast: Stone Arrow       |       |       |    12 |    77 |    21 |       |       |       |       ||   110
       Swiftness         |       |       |       |     2 |     6 |       |     2 |     9 |    15 ||    34
       Call Canine Famil |       |       |       |     1 |    48 |     5 |       |       |       ||    54
       Passage of Golubr |       |       |       |     1 |     5 |       |     7 |    18 |    24 ||    55
       Summon Guardian G |       |       |       |       |    41 |     1 |     8 |     6 |       ||    56
       Lee's Rapid Decon |       |       |       |       |    10 |       |       |       |       ||    10
       Mephitic Cloud    |       |       |       |       |       |       |    27 |   160 |    21 ||   208
       Statue Form       |       |       |       |       |       |       |    16 |     3 |    12 ||    31
       Ignite Poison     |       |       |       |       |       |       |     5 |    45 |    13 ||    63
       Enfeeble          |       |       |       |       |       |       |       |       |   145 ||   145
       Summon Hydra      |       |       |       |       |       |       |       |       |   103 ||   103
       Spellforged Servi |       |       |       |       |       |       |       |       |    16 ||    16
       Summon Mana Viper |       |       |       |       |       |       |       |       |    21 ||    21
       Necromutation     |       |       |       |       |       |       |       |       |    51 ||    51
       Malign Gateway    |       |       |       |       |       |       |       |       |     8 ||     8
       Dispersal         |       |       |       |       |       |       |       |       |     7 ||     7
       Iron Shot         |       |       |       |       |       |       |       |       |     2 ||     2
Invok: Dark Bargain      |       |       |       |     1 |       |     3 |     4 |     6 |    14 ||    28
       Bind Soul         |       |       |       |     1 |     2 |     3 |     3 |     3 |     3 ||    15
       Recall Undead Har |       |       |       |       |     2 |    12 |     4 |     5 |    14 ||    37
       Drain Life        |       |       |       |       |       |     1 |       |     1 |       ||     2
 Abil: End Transformatio |       |       |       |       |       |       |     4 |     3 |     3 ||    10
Evoke: Wand              |       |       |     4 |    13 |    20 |    15 |    13 |    16 |     6 ||    87
  Use: Scroll            |       |     4 |     1 |    13 |    12 |     9 |     9 |    11 |    45 ||   104
       Potion            |       |       |       |     2 |     9 |     5 |     7 |     9 |    13 ||    45
 Stab: Sleeping          |    10 |    19 |    15 |    26 |    26 |     9 |    19 |    20 |    33 ||   177
       Distracted        |       |     1 |       |     6 |    26 |    30 |    38 |    30 |    74 ||   205
       Paralysed         |       |       |     2 |    11 |     3 |     1 |     7 |       |       ||    24
       Invisible         |       |       |       |       |     2 |     4 |       |     9 |   100 ||   115
       Petrified         |       |       |       |       |       |     2 |       |       |       ||     2
       Confused          |       |       |       |       |       |       |    13 |    49 |       ||    62
Armor: Leather armour    |    15 |       |     9 |    95 |   170 |       |       |       |       ||   289
       Ring mail         |     5 |    61 |    57 |       |       |       |     2 |       |       ||   125
       Scale mail        |       |       |       |     8 |    34 |   226 |     3 |       |       ||   271
       Chain mail        |       |       |       |       |       |       |   480 |   635 |   229 ||  1344
       Skin              |       |       |       |       |       |       |   119 |    24 |   162 ||   305
       Robe              |       |       |       |       |       |       |    33 |    11 |   306 ||   350
       Animal skin       |       |       |       |       |       |       |       |     3 |       ||     3
Dodge: Dodged            |    51 |   118 |   170 |   453 |   807 |   391 |   546 |   470 |  1005 ||  4011
Block: Buckler           |       |       |       |   122 |   221 |       |       |       |       ||   343
       Kite shield       |       |       |       |       |   369 |   104 |       |    11 |  1728 ||  2212
       Reflection        |       |       |       |       |    12 |   107 |   153 |    60 |    32 ||   364
       Tower shield      |       |       |       |       |       |  1161 |  2324 |  2103 |   791 ||  6379
